 Dungeon Crawl Stone Soup version 0.30-a0-782-ge64f9170bb (webtiles) character file.

Game seed: 2809292970471476532

14275051 xeno23 the Intangible (level 27, 202/202 HPs)
             Began as a Felid Transmuter on Mar 5, 2023.
             Was the Champion of Okawaru.
             Escaped with the Orb
             ... and 15 runes on Mar 7, 2023!
             The game lasted 14:28:57 (110315 turns).

xeno23 the Intangible (Felid Transmuter)          Turns: 110315, Time: 14:28:58

Health: 202/202    AC: 30    Str: 18    XL:     27
Magic:  50/50      EV: 55    Int: 23    God:    Okawaru [******]
Gold:   8048       SH:  5    Dex: 30    Spells: 5/71 levels left
                                        Lives:  2   Deaths: 6

rFire   + . .      SeeInvis +      - Unarmed
rCold   + . .      Faith    .    (shield unavailable)
rNeg    + + +      Spirit   .    (body armour unavailable)
rPois   ∞          Reflect  +    (helmet unavailable)
rElec   +          Harm     .    (cloak unavailable)
rCorr   .          Rampage  .    (gloves unavailable)
Will    +++++                    (boots unavailable)
Stlth   ++++                     S - amulet of Xom's Sleight of Hands {Reflect Drain rN+ Int+4 Dex+3 SH+5 SInv}
HPRegen 0.53/turn                N - ring "Qiluost" {rC+ rN+ Will+ Dex+3}
MPRegen 0.32/turn                G - ring "Beje" {rF+ Str+4 Dex+6}

@: statue-form, very slow
A: slow and powerful, torment resistance 1, boosted hp, very small, claws 1,
fangs 3, see invisible, (speed 1), (shaggy fur 3), stealthy paws, no weapons or
thrown items, no armour, multi-lived, antennae 1, robust 1
0: Orb of Zot
}: 15/15 runes: decaying, serpentine, slimy, silver, golden, iron, obsidian,
icy, bone, abyssal, demonic, glowing, magical, fiery, dark
a: End Transformation, Renounce Religion, Heroism, Finesse, Duel


You escaped.
You worshipped Okawaru.
Okawaru was exalted by your worship.
You were a living statue of rough stone.
You visited 18 branches of the dungeon, and saw 86 of its levels.
You visited Pandemonium 1 time, and saw 11 of its levels.
You visited the Abyss 1 time.
You visited 1 ziggurat, and saw 14 of its levels.
You also visited: Ossuary, Ice Cave and Wizlab.

You collected 13638 gold pieces.
You spent 5590 gold pieces at shops.

Inventory:

Jewellery
 f - a ring of willpower
 g - the ring of Vanity {rF- rC+ MP-9 Str+9}
   (You found it in a wizard's laboratory)

   [ring of protection from cold]

   Str:       It affects your strength (+9).
   rF:        It makes you vulnerable to fire.
   rC:        It protects you from cold.
   MP:        It affects your magic capacity (-9).
 n - the amulet "Irobomnoef" {Acrobat Rampage rElec rC+ Int-4}
   (You took it off a guardian mummy on level 2 of the Tomb of the Ancients)

   [amulet of the acrobat]

   It increases your evasion while moving and waiting.
   Int:       It affects your intelligence (-4).
   rC:        It protects you from cold.
   rElec:     It insulates you from electricity.
   Rampage:   It bestows one free step when moving towards enemies.
 p - the amulet "Nuiklog" {Harm Rampage Regen+ Dex+4}
   (You found it in a wizard's laboratory)

   [amulet of regeneration]

   Dex:       It affects your dexterity (+4).
   Regen:     It increases your rate of health regeneration.
   Harm:      It increases damage dealt and taken.
   Rampage:   It bestows one free step when moving towards enemies.
 r - a ring of flight
 v - the ring "Saliotto" {rF+ rCorr AC+4 Str-4 Int+2}
   (You acquired it on level 1 of the Lair of Beasts)

   [ring of protection]

   AC:        It affects your AC (+4).
   Str:       It affects your strength (-4).
   Int:       It affects your intelligence (+2).
   rF:        It protects you from fire.
   rCorr:     It protects you from acid and corrosion.
 x - the amulet "Caonn" {Spirit Str+5}
   (You found it on level 8 of a ziggurat)

   [amulet of guardian spirit]

   It causes incoming damage to be divided between your reserves of health and
   magic.
   Str:       It affects your strength (+5).
 E - the ring "Opsail" {rElec rF+ Dex+3}
   (You took it off a vault guard on level 5 of the Vaults)

   [ring of protection from fire]

   Dex:       It affects your dexterity (+3).
   rF:        It protects you from fire.
   rElec:     It insulates you from electricity.
 G - the ring "Beje" (right paw) {rF+ Str+4 Dex+6}
   (You took it off a vault guard on level 5 of the Vaults)

   [ring of dexterity]

   Str:       It affects your strength (+4).
   Dex:       It affects your dexterity (+6).
   rF:        It protects you from fire.
 L - the ring of the Tortoise {AC+8}
   (You found it on level 11 of a ziggurat)

   [ring of protection]

   AC:        It affects your AC (+8).
 N - the ring "Qiluost" (left paw) {rC+ rN+ Will+ Dex+3}
   (You found it on level 3 of the Crypt)

   [ring of positive energy]

   Dex:       It affects your dexterity (+3).
   rC:        It protects you from cold.
   rN:        It protects you from negative energy.
   Will:      It increases your willpower.
 R - the ring of Nujaf {*Corrode rF+ Will+ Dex+7}
   (You found it on level 12 of a ziggurat)

   [ring of willpower]

   Dex:       It affects your dexterity (+7).
   rF:        It protects you from fire.
   *Corrode:  It may corrode you when you take damage.
   Will:      It increases your willpower.
 S - the amulet of Xom's Sleight of Hands (around neck) {Reflect Drain rN+ Int+4 Dex+3 SH+5 SInv}
   (You found it on level 3 of the Swamp)

   [amulet of reflection]

   It reflects blocked missile attacks.
   Int:       It affects your intelligence (+4).
   Dex:       It affects your dexterity (+3).
   rN:        It protects you from negative energy.
   SInv:      It lets you see invisible.
   Drain:     It drains your maximum health when unequipped.
   SH:        It affects your SH (+5).
 X - the ring "Dexowk" {rElec rN+ Str+3 Stlth-}
   (You found it on level 3 of the Crypt)

   [ring of positive energy]

   Str:       It affects your strength (+3).
   rElec:     It insulates you from electricity.
   rN:        It protects you from negative energy.
   Stlth:     It makes you less stealthy.
Wands
 e - a wand of light (20)
 t - a wand of iceblast (72)
 y - a wand of mindburst (70)
 C - a wand of paralysis (59)
 I - a wand of digging (24)
Scrolls
 b - 4 scrolls of blinking
 i - 33 scrolls of teleportation
 l - 6 scrolls of torment
 m - 19 scrolls of immolation
 o - 9 scrolls of amnesia
 u - 22 scrolls of fear
 B - 11 scrolls of vulnerability
 D - 4 scrolls of magic mapping
 J - a scroll of silence
 V - 8 scrolls of fog
Potions
 a - 11 potions of lignification
 c - 9 potions of heal wounds
 d - 5 potions of resistance
 h - 2 potions of cancellation
 j - 7 potions of might
 k - 20 potions of curing
 q - 7 potions of brilliance
 w - 15 potions of magic
 z - 14 potions of attraction
 A - 12 potions of flight
 F - 4 potions of mutation
 H - 4 potions of haste
 K - 2 potions of invisibility
 P - 3 potions of ambrosia
 U - 4 potions of berserk rage
Miscellaneous
 s - a figurine of a ziggurat
 O - a piece from Xom's chessboard (15/15)
 T - a tin of tremorstones (2/2)
 W - a condenser vane
 Z - a phial of floods


   Skills:
 + Level 23.9 Fighting
 O Level 27 Dodging
 + Level 26.8 Stealth
 + Level 24.0 Unarmed Combat
 + Level 22.6 Spellcasting
 - Level 19.5 Hexes
 - Level 4.0 Necromancy
 O Level 27 Translocations
 - Level 25.6 Transmutations
 - Level 5.0 Ice Magic
 - Level 13.0 Air Magic
 * Level 18.2 Earth Magic
 - Level 3.0 Poison Magic
 + Level 17.9 Invocations
 + Level 18.4 Evocations


You had 5 spell levels left.
You knew the following spells:

 Your Spells              Type           Power      Damage    Failure   Level
a - Manifold Assault      Tloc           100%       N/A       0%          4
b - Swiftness             Air            72%        N/A       1%          3
c - Discord               Hex            43%        N/A       3%          8
d - Wereblood             Tmut           97%        N/A       0%          2
e - Passage of Golubria   Tloc           100%       N/A       0%          4
f - Disjunction           Tloc           50%        N/A       1%          8
g - Blink                 Tloc           100%       N/A       0%          2
h - Storm Form            Tmut/Air       43%        N/A       1%          7
i - Sublimation of Blood  Necr           44%        N/A       1%          2
q - Dragon Form           Tmut           48%        N/A       1%          7
r - Ozocubu's Armour      Ice            49%        N/A       1%          3
s - Statue Form           Tmut/Erth      60%        N/A       1%          6
v - Apportation           Tloc           100%       N/A       0%          1
w - Yara's Violent Unrav  Hex/Tmut       46%        3d18      0%          5
x - Petrify               Tmut/Erth      91%        N/A       0%          4

Your spell library contained the following spells:

 Spells                   Type           Power      Damage    Failure   Level
 Beastly Appendage        Tmut           100%       N/A       0%          1
 Sting                    Tmut/Pois      100%       1d8       0%          1
 Ensorcelled Hibernation  Hex/Ice        100%       N/A       0%          2
 Lesser Beckoning         Tloc           100%       N/A       0%          2
 Momentum Strike          Conj/Tloc      100%       3d10      0%          2
 Passwall                 Tmut/Erth      75%        N/A       0%          2
 Confusing Touch          Hex            86%        N/A       0%          3
 Gell's Gravitas          Tloc           100%       N/A       0%          3
 Spider Form              Tmut/Pois      75%        N/A       0%          3
 Teleport Other           Tloc           100%       N/A       0%          3
 Cause Fear               Hex            43%        N/A       0%          4
 Leda's Liquefaction      Hex/Erth       42%        N/A       0%          4
 Blade Hands              Tmut           48%        N/A       0%          5
 Foxfire                  Conj/Fire      100%       2x1d9     1%          1
 Freeze                   Ice            100%       1d10      1%          1
 Kiss of Death            Conj/Necr      100%       2d13      1%          1
 Magic Dart               Conj           100%       1d8       1%          1
 Necrotise                Necr           100%       1d9       1%          1
 Shock                    Conj/Air       100%       1d9       1%          1
 Cigotuvi's Dreadful Rot  Necr/Pois/Air  100%       N/A       1%          2
 Poisonous Vapours        Pois/Air       100%       N/A       1%          2
 Static Discharge         Conj/Air       100%       2-7/arc   1%          2
 Dazzling Flash           Conj/Hex       100%       N/A       1%          3
 Frozen Ramparts          Ice            98%        1d15      1%          3
 Hailstorm                Conj/Ice       37%        3d9       1%          3
 Ignite Poison            Fire/Tmut/Pois 63%        N/A       1%          3
 Inner Flame              Hex/Fire       63%        N/A       1%          3
 Kindle Blastsparks       Fire/Tloc/Air  100%       2d18      1%          3
 Mephitic Cloud           Conj/Pois/Air  50%        N/A       1%          3
 Stone Arrow              Conj/Erth      100%       3d13      1%          3
 Airstrike                Air            36%        2d(6-22)  1%          4
 Anguish                  Hex/Necr       34%        N/A       1%          4
 Fulminant Prism          Conj/Hex       31%        3d16      1%          4
 Ice Form                 Ice/Tmut       77%        N/A       1%          4
 Iskenderun's Mystic Bla  Conj/Tloc      73%        2d15      1%          4
 Alistair's Intoxication  Tmut/Pois      50%        N/A       1%          5
 Borgnjor's Vile Clutch   Necr/Erth      33%        N/A       1%          5
 Irradiate                Conj/Tmut      35%        3d23      1%          5
 Lee's Rapid Deconstruct  Erth           41%        3d20*     1%          5
 Metabolic Englaciation   Hex/Ice        35%        N/A       1%          5
 Silence                  Hex/Air        39%        N/A       1%          5
 Searing Ray              Conj           50%        2d6       2%          2
 Dispel Undead            Necr           44%        3d17      3%          4
 Freezing Cloud           Conj/Ice/Air   26%        6-21      3%          5
 Lightning Bolt           Conj/Air       27%        1d43      3%          5
 Olgreb's Toxic Radiance  Pois           39%        N/A       4%          4
 Agony                    Necr           44%        N/A       9%          5
 Sticky Flame             Conj/Fire      25%        2d5       16%         4
 Fireball                 Conj/Fire      12%        3d7       41%         5
 Iskenderun's Battlesphe  Conj           25%        2d8       41%         5
 Dispersal                Tloc           50%        N/A       0%          6
 Eringya's Noxious Bog    Tmut/Pois      37%        N/A       1%          6
 Enfeeble                 Hex            43%        N/A       1%          7
 Iron Shot                Conj/Erth      30%        9d6       5%          6
 Conjure Ball Lightning   Conj/Air       27%        3x3d8     17%         6
 Necromutation            Tmut/Necr      38%        N/A       22%         8
 Maxwell's Capacitive Co  Air            36%        ∞         45%         8
 Shatter                  Erth           41%        3d32*     65%         9
 Ozocubu's Refrigeration  Ice            24%        4d12      86%         7
 Starburst                Conj/Fire      12%        6d5       94%         6
 Lehudib's Crystal Spear  Conj/Erth      30%        10d8      94%         8
 Orb of Destruction       Conj           12%        9d7       100%        7
 Borgnjor's Revivificati  Necr           22%        N/A       100%        8
 Ignition                 Fire           12%        3d6       100%        8
 Chain Lightning          Conj/Air       27%        3d36      100%        9
 Death's Door             Necr           22%        N/A       100%        9
 Fire Storm               Conj/Fire      12%        8d3       100%        9
 Polar Vortex             Ice            24%        N/A       100%        9
 Tukima's Dance           Hex            Unusable   N/A       N/A         3
 Summon Small Mammal      Summ           Unusable   N/A       N/A         1
 Summon Guardian Golem    Hex/Summ       Unusable   N/A       N/A         3
 Animate Armour           Summ/Erth      Unusable   N/A       N/A         4
 Summon Lightning Spire   Summ/Air       Unusable   N/A       N/A         4
 Call Imp                 Summ           Unusable   N/A       N/A         2
 Simulacrum               Ice/Necr       Unusable   N/A       N/A         6
 Death Channel            Necr           Unusable   N/A       N/A         6
 Spellforged Servitor     Conj/Summ      Unusable   N/A       N/A         7

Dungeon Overview and Level Annotations

Branches:
Dungeon (15/15)            Temple (1/1) D:5            Lair (5/5) D:10
  Swamp (4/4) Lair:2        Snake (4/4) Lair:3        Slime (5/5) Lair:5
    Orc (2/2) D:9             Elf (3/3) Orc:2        Vaults (5/5) D:13
  Crypt (3/3) Vaults:2       Tomb (3/3) Crypt:3      Depths (4/4) D:15
   Hell (visited)             Dis (7/7) Hell            Geh (7/7) Hell
    Coc (7/7) Hell            Tar (7/7) Hell            Zot (5/5) Depths:4
Ossuary (visited)           IceCv (visited)          WizLab (visited)

Altars:
Ashenzari
Cheibriados
Dithmenos
Elyvilon
Fedhas
Gozag
Hepliaklqana
Kikubaaqudgha
Makhleb
Nemelex Xobeh
Okawaru
Qazlal
Ru
Sif Muna
Trog
Uskayaw
Vehumet
Wu Jian
Xom
Yredelemnul
Zin
The Shining One
Jiyva

Shops:
D:4 *   D:5 :   D:7 *:   D:13 (   D:14 ?   Orc:1 *   Orc:2 [?*   Elf:1 !
Elf:2 !   Snake:1 *(!?   Vaults:1 [[   Vaults:3 ?   Depths:1 (

Portals:
Hell: Depths:1 Depths:2 Depths:3 Depths:4
Abyss: Depths:1 Depths:2 Depths:3 Depths:4
Pandemonium: Depths:2 Depths:3

Annotations:
Dis:7 Dispater
Coc:7 exclusion: 2 ice statues, Antaeus
Zot:1 5 transporters


Innate Abilities, Weirdness & Mutations

You are a living statue of rough stone.
Your actions are slow, but your melee attacks are powerful.
You are resistant to unholy torment.
Your maximum health is greatly increased.
You are immune to poison.
You have sharp claws.
You have razor-sharp teeth.
You have supernaturally acute eyesight. (SInv)
((You cover ground quickly. (Speed+)))
((Your thick and shaggy fur keeps you warm. (AC +3, rC+)))
Your paws help you pounce on unaware monsters.
You are incapable of wielding weapons or throwing items.
You cannot wear armour.
You gain extra lives every three experience levels.
You have a pair of small antennae on your head.
You are robust. (+10% HP)


Message History

(Y) Tartarus (Z) Zot
Where to? (Enter - D:1, ? - help)
There is a stone staircase leading up here.
You climb upwards.
There is a stone staircase leading down here.
There is a stone staircase leading up here.
The sixfirhy completely misses you. You block the sixfirhy's attack.
The sixfirhy completely misses you.
You climb upwards.
There is a stone staircase leading down here.
HP restored.
Magic restored.
Your transformation is almost over.
You revert to your normal fleshy form.
A Qonges, a neqoxec and an ice devil come into view.
You take 37 damage.
Press: ? - help, v - describe, . - travel
Here: Qonges (fire blocked by a translucent rock wall)
The floor.
The neqoxec shouts!
A hellwing comes into view.
A reaper comes into view. It is wielding a +0 heavy scythe.
Casting: Manifold Assault (safe; 0% risk of failure)
Confirm with . or Enter, or press ? or * to list all spells.
You turn into a living statue of rough stone.
The reaper completely misses you. The reaper completely misses you.
You mangle the reaper!! You claw the reaper!! You bite the reaper.
The reaper is severely wounded.
The reaper completely misses you.
You claw the reaper! You claw the reaper, but do no damage.
The reaper is almost dead.
You eviscerate the reaper!!!!
You kill the reaper!
Okawaru accepts your kill.
You see here a +0 heavy scythe.
There is a staircase leading out of the dungeon here.
Unknown command.
Unknown command.
You have escaped!

#.##.# #.### ######....... #.##.#
#####.###########..##### #.##.#
#..............##.## # #..#.#
#..............#### # ##[..#
#..#####.####..# #
##.#######..#...........#
#..####.....#....4...#..#
###.....##..#........#..###### ##
##.#.#####..#...8....#..##...###.
..##.# #..#........#..##.#.#...
####.# #..#......).#.....#.#...
####.# #...........#..####.#{.&
#....# #..####.#####..# #.#{4.
#.#### #........).....# #.#...
#.# #..............# #.#... #.#
##########.##### #.#### #.####
### ##.# #.....


You could see an ice devil.

Vanquished Creatures
  Asmodeus (Geh:7)
  the Royal Jelly (Slime:5)
  Gloorx Vloq (Pan)
  Ereshkigal (Tar:7)
  the Serpent of Hell (Geh:7)
  Mnoleg (Pan)
  Lom Lobon (Arena)
  4 dread liches
  13 ancient liches
  Mara (Elf:3)
  3 orbs of fire (Zot:5)
  A juggernaut (Dis:7)
  30 royal mummies
  Vv (Crypt:2)
  10 Killer Klowns
  the Lernaean hydra (Swamp:4)
  Margery (Vaults:5)
  11 shard shrikes
  Saint Roka (Snake:3)
  A curse toe (Zot:4)
  Geryon (Arena)
  33 caustic shrikes
  3 golden dragons
  Nikola (Depths:2)
  Jory (Vaults:5)
  8 profane servitors
  A pearl dragon (Zig:14)
  26 bone dragons
  17 iron giants
  15 doom hounds
  16 Tzitzimimeh
  2 electric golems
  2 spectral shard shrikes (Tar:3)
  10 liches
  14 Brimstone Fiends
  10 tentacled monstrosities
  3 hellephants
  39 Hell Sentinels
  11 tainted leviathans
  4 pandemonium lords
  Grunn (Depths:2)
  28 Orb Guardians
  21 Ice Fiends
  A moon troll (WizLab)
  8 quicksilver dragons
  14 titans
  Murray (Depths:3)
  A deep elf master archer (Elf:3)
  15 searing wretches
  An eldritch tentacle (Pan)
  2 deep elf blademasters (Elf:3)
  16 Executioners
  13 acid blobs
  7 death cobs
  13 sphinxes
  13 storm dragons
  34 ancient champions
  10 tengu reavers
  3 thorn hunters
  28 tentacled starspawn
  16 shadow dragons
  Kirke (Lair:4)
  Roxanne (Snake:1)
  8 rockslimes
  Donald (Snake:2)
  The ghost of Dirian the Slayer, a journeyman MiFi of Makhleb (Swamp:1)
  20 azure jellies
  7 demonspawn warmongers
  27 narguns
  A daeva (Abyss:3)
  4 draconian monks
  A fenstrider witch (Swamp:3)
  14 nagarajas
  17 fire giants
  10 revenants
  6 iron dragons
  9 draconian scorchers
  2 juggernaut zombies (Abyss:3)
  4 draconian knights
  12 frost giants
  8 deep elf sorcerers
  A ghost moth (shapeshifter) (Elf:3)
  5 quicksilver elementals
  23 balrugs
  3 ghost moths
  9 vault wardens
  25 cacodemons
  7 curse skulls
  4 draconian shifters
  8 ghouls
  Aizul (Crypt:1)
  23 ironbound preservers
  26 war gargoyles
  3 spectral caustic shrikes
  8 demonspawn blood saints
  4 demonspawn corrupters
  3 deep elf elementalists (Elf:3)
  A spriggan defender (Depths:2)
  5 orc warlords
  3 shard shrike simulacra (Coc:7)
  17 stone giants
  2 draconian stormcallers (Zot:1)
  12 reapers
  A juggernaut skeleton (Tomb:1)
  6 ironbound thunderhulks
  4 quicksilver oozes
  18 green draconians
  3 caustic shrike skeletons
  25 elemental wellsprings
  11 draconian annihilators
  37 very ugly things
  14 putrid mouths
  8 vampire knights
  9 deep elf demonologists
  9 eleionomae
  8 deep elf annihilators
  2 demonspawn black suns (Pan)
  12 bennus
  10 black draconians
  14 wendigos
  12 yellow draconians
  18 dire elephants
  2 pale draconians (Depths:4)
  14 purple draconians
  5 white draconians
  The ghost of theswoord the Cleaver, a journeyman DsGl of Kikubaaqudgha (Lair:4)
  2 spectral titans
  6 spark wasps
  4 bunyips
  11 red draconians
  12 lorocyprocas
  8 blizzard demons
  13 eidola
  18 iron golems
  27 mummy priests
  Snorg (Lair:5)
  11 fire dragons
  20 green deaths
  7 ettins
  7 deep elf death magi
  15 jiangshi
  3 entropy weavers
  A merfolk javelineer (Zig:2)
  Fannar (Lair:1)
  11 deep elf high priests
  A crystal guardian (WizLab)
  Josephine (Lair:4)
  27 vault guards
  14 yaktaur captains
  6 spectral spriggans
  10 ice dragons
  14 great orbs of eyes
  Erolcha (D:9)
  2 juggernaut simulacra (Coc:7)
  13 salamander tyrants
  13 anacondas
  12 rakshasas
  A ghost crab (Swamp:1)
  4 stokers
  10 caustic shrike simulacra
  A quicksilver dragon skeleton (Hell)
  19 hydras
  8 spriggan air magi
  3 hell beasts (Geh:1)
  A peacekeeper (Vaults:1)
  A spectral stone giant (Tar:1)
  Erica (D:10)
  8 ironbound frosthearts
  6 ogre magi
  10 centaur warriors
  36 dancing weapons
  7 death yaks (Lair:5)
  A catoblepas (Lair:5)
  10 alligators
  A two-headed ogre (shapeshifter) (Depths:3)
  7 death knights
  12 two-headed ogres
  24 death scarabs
  9 vampire magi
  5 deep troll shamans
  5 orc high priests
  23 naga warriors
  7 tengu warriors
  7 deep troll earth magi
  12 boulder beetles
  Urug (D:10)
  43 hell hogs
  A spectral dire elephant (Tar:1)
  38 thrashing horrors
  12 naga sharpshooters
  5 spriggan berserkers
  30 hell knights
  17 soul eaters
  A titan zombie (Tomb:3)
  An emperor scorpion zombie (Crypt:1)
  14 shock serpents
  A titan skeleton (Pan)
  11 crystal echidnas
  12 deep elf knights
  31 sun demons
  20 shadow wraiths
  3 salamander mystics
  A death drake (Abyss:3)
  33 sixfirhies
  2 spatial maelstroms (Abyss:3)
  A fire crab (shapeshifter) (Abyss:3)
  21 wretched stars
  9 goliath frogs
  2 spriggan druids
  77 deep trolls
  A quicksilver dragon simulacrum (Coc:3)
  A sea snake (shapeshifter) (Vaults:4)
  8 flayed ghosts
  A skyshark (Lair:3)
  6 iron trolls
  14 glowing orange brains
  8 bog bodies
  57 skeletal warriors
  2 orange crystal statues
  2 shadow demons
  A lindwurm (shapeshifter) (Depths:1)
  2 bunyip skeletons
  87 slime creatures
  6 naga ritualists
  8 phantasmal warriors
  A fenstrider witch simulacrum (Coc:2)
  8 deep elf archers
  14 lindwurms
  2 obsidian statues (IceCv)
  11 wizards
  2 spriggan simulacra
  10 swamp dragons
  6 harpies
  13 ironbound convokers
  5 anaconda skeletons
  12 orc knights
  A shadow dragon zombie (Tomb:2)
  2 iron giant skeletons
  8 necromancers
  22 deep elf zephyrmancers
  A jorogumo zombie (Crypt:3)
  An orc sorcerer (Orc:2)
  3 iron dragon zombies
  A steelbarb worm (shapeshifter) (Vaults:5)
  A frost giant zombie (D:15)
  27 deep elf pyromancers
  56 ugly things
  2 spectral ettins
  5 shining eyes
  9 mana vipers
  A manticore (shapeshifter) (Vaults:5)
  6 worldbinders (Abyss:3)
  3 cyclopes
  A frost giant skeleton (D:15)
  25 salamanders
  An iron dragon skeleton (Crypt:2)
  5 manticores
  25 moths of wrath
  A spectral merfolk (Tar:1)
  A moth of wrath (shapeshifter) (Vaults:5)
  An oklob plant (Swamp:3)
  13 will-o-the-wisps
  A black mamba (shapeshifter) (D:13)
  2 toenail golems
  44 black mambas
  4 apocalypse crabs (Abyss:3)
  A stone giant skeleton (Crypt:2)
  6 titan simulacra
  A spectral centaur (Tar:1)
  A draconian skeleton (Tomb:1)
  18 guardian serpents
  4 ice statues
  23 naga magi
  The ghost of Edirash the Nimble, a novice FeCj of Hepliaklqana (D:10)
  A gargoyle (D:12)
  19 vault sentinels
  11 eyes of devastation
  12 rust devils
  2 centaur zombies (Tomb:2)
  35 smoke demons
  14 cane toads
  4 dire elephant skeletons
  8 molten gargoyles (Geh:7)
  22 orange demons
  12 demonic crawlers
  3 torpor snails
  28 hellions
  An alligator snapping turtle zombie (Tomb:2)
  5 naga skeletons
  A centaur skeleton (Hell)
  2 unseen horrors
  Psyche (D:8)
  9 komodo dragons
  44 guardian mummies
  19 freezing wraiths
  The ghost of caveywoolpert the Digger, a novice DsEE of Vehumet (D:4)
  An orb spider zombie (Crypt:3)
  A catoblepas zombie (Crypt:2)
  17 yaktaurs
  6 rime drakes
  4 bunyip simulacra
  A kobold demonologist (D:9)
  5 red devils
  A sea snake zombie (Hell)
  3 efreet
  3 minotaur skeletons
  3 iron giant simulacra
  A komodo dragon (shapeshifter) (Abyss:3)
  6 anaconda simulacra
  7 ice devils
  An alligator snapping turtle skeleton (Abyss:3)
  A merfolk (Zig:2)
  4 spectral harpies
  22 tormentors
  5 golden dragon simulacra
  3 spectral nagas
  3 tengu conjurers
  A death yak skeleton (Crypt:1)
  2 harpy zombies
  18 ancient zymes
  12 trolls
  A troll (shapeshifter) (Abyss:3)
  4 polar bears
  3 meliai (D:14)
  2 silent spectres
  3 sea snake skeletons (Hell)
  14 tyrant leeches
  A wind drake (Zig:3)
  Grinder (D:6)
  9 hornets
  5 harpy skeletons
  A snapping turtle (Zig:3)
  34 raiju
  16 blink frogs
  3 hydra skeletons
  6 hellwings (Pan)
  A fire dragon zombie (Crypt:2)
  2 iron dragon simulacra
  2 stone giant simulacra
  An ettin zombie (Hell)
  38 small abominations
  A jumping spider (Vaults:3)
  Sigmund (D:3)
  An ice dragon skeleton (Tomb:2)
  3 air elementals
  5 shadows
  5 dire elephant simulacra
  11 spriggans
  A vampire (D:12)
  A culicivora (shapeshifter) (Vaults:5)
  47 flying skulls
  47 yaks
  2 naga simulacra (Coc:7)
  4 ettin skeletons
  13 wraiths
  11 water elementals
  2 alligator skeletons (Hell)
  35 ynoxinuls
  2 black mamba zombies
  7 spriggan skeletons
  A black mamba skeleton (Pan)
  9 ushabtiu
  7 wyverns
  A hog (Lair:4)
  6 basilisks
  125 starcursed masses
  5 fire elementals
  9 golden eyes
  3 humans (Lair:4)
  2 wind drake skeletons
  The ghost of jazmu the Shooter, an amateur DgHu (D:3)
  4 redbacks
  An alligator snapping turtle simulacrum (Coc:2)
  6 steam dragons
  A minotaur simulacrum (IceCv)
  27 chaos spawn
  44 neqoxecs
  7 vampire mosquitoes
  79 large abominations
  55 nagas
  A warg (Snake:3)
  12 harpy simulacra
  4 spatial vortices (Abyss:3)
  20 swamp worms
  3 acid dragons
  Edmund (D:4)
  3 hydra simulacra (IceCv)
  A water moccasin (shapeshifter) (D:15)
  A cane toad zombie (Crypt:3)
  15 water moccasins
  6 floating eyes
  7 hell hounds
  2 swamp drakes (Lair:5)
  7 ettin simulacra
  34 orc warriors
  2 sky beasts
  Pargi (D:3)
  2 black bears
  5 ice beasts
  12 ogres
  An alligator simulacrum (IceCv)
  A boggart (Vaults:3)
  15 wolves
  A swamp dragon skeleton (Crypt:2)
  8 centaurs
  A dream sheep skeleton (Crypt:3)
  A phantom (D:7)
  An elf simulacrum (Vaults:2)
  A rime drake zombie (Crypt:2)
  An elf zombie (D:4)
  8 bullfrogs
  A draconian zombie (Crypt:3)
  4 kobold brigands
  3 gnoll sergeants
  5 necrophages
  2 earth elementals
  3 scorpions
  2 water moccasin zombies (Ossuary)
  4 elf skeletons (D:4)
  A troll zombie (Crypt:2)
  9 wights
  A water moccasin skeleton (Crypt:1)
  10 killer bees
  A lindwurm simulacrum (IceCv)
  6 howler monkeys
  An electric eel (Lair:2)
  A crimson imp (Abyss:3)
  A lava snake (D:14)
  6 quasits (Abyss:3)
  A bullfrog skeleton (Crypt:3)
  2 human zombies
  7 jellies
  30 orc priests
  2 hounds
  An iron imp (Abyss:3)
  Crazy Yiuf (D:2)
  Jessica (D:2)
  3 human skeletons (D:4)
  10 iguanas
  36 orc wizards
  A scorpion zombie (Crypt:1)
  A hell rat (Lair:5)
  A hound zombie (Crypt:1)
  45 mummies
  8 adders
  19 gnolls
  A swamp drake skeleton (Crypt:3)
  2 shadow imps
  4 white imps
  9 ufetubi
  5 adder zombies (Ossuary)
  3 worms
  4 dart slugs
  99 orcs
  4 bats
  11 endoplasms
  A giant cockroach (D:2)
  5 gnoll zombies (Ossuary)
  7 goblins
  8 hobgoblins
  4 jackals
  22 kobolds
  2 quokkas
  A river rat zombie (Crypt:1)
  10 ball pythons
  A ball python skeleton (Crypt:2)
  An endoplasm zombie (Crypt:3)
  3 frilled lizards
  A frilled lizard skeleton (Crypt:2)
  A frilled lizard zombie (Crypt:1)
  A hobgoblin zombie (Ossuary)
  5 kobold zombies (Ossuary)
  An orc skeleton (D:4)
  6 orc zombies
  6 rats
  A briar patch (Abyss:3)
  4 creeping infernos (Geh:7)
  20 fire vortices
  20 starspawn tentacles
4477 creatures vanquished.

Vanquished Creatures (collateral kills)
  A pandemonium lord (Zig:5)
  A golden dragon (Zig:11)
  A tentacled monstrosity (Zig:11)
  A Hell Sentinel (Zig:5)
  A titan (Zig:8)
  A tentacled starspawn (Zig:14)
  2 searing wretches (Depths:3)
  3 acid blobs (Zig:13)
  A draconian monk (Zig:12)
  2 nagarajas (Zig:10)
  2 azure jellies (Zig:13)
  A draconian stormcaller (Zig:12)
  A draconian shifter (Zig:12)
  A quicksilver ooze (Zig:13)
  A draconian annihilator (Zig:12)
  A green draconian (Zig:12)
  2 eleionomae (Zig:11)
  2 wendigos (Zig:8)
  A purple draconian (Zig:12)
  2 white draconians (Zig:12)
  A bunyip (Zig:6)
  A black draconian (Zig:12)
  2 green deaths
  3 great orbs of eyes (Zig:13)
  2 salamander tyrants (Zig:10)
  An anaconda (Zig:10)
  3 hydras
  A ghost crab (Zig:6)
  A shock serpent (Zig:10)
  2 naga sharpshooters (Zig:10)
  A naga warrior (Zig:10)
  A sixfirhy (Zig:5)
  A spatial maelstrom (Zig:14)
  A bog body (Zig:6)
  4 swamp dragons
  4 harpies (Zig:3)
  A shining eye (Zig:13)
  A salamander (Zig:10)
  A will-o-the-wisp (Zig:11)
  An ice statue (Zig:9)
  A merfolk siren (Zig:3)
  3 smoke demons
  2 black mambas (Zig:10)
  A naga mage (Zig:10)
  A guardian serpent (Zig:10)
  A rust devil (Depths:3)
  A tyrant leech (Zig:11)
  2 large abominations (Zig:7)
  A hellwing (Zig:14)
  2 raiju (Zig:7)
  2 slime creatures (Zig:13)
  A neqoxec (Zig:14)
  3 nagas (Zig:10)
82 creatures vanquished.

Vanquished Creatures (others)
  An eldritch tentacle (Zig:9)
  A nargun (Coc:4)
  A frost giant (Zig:8)
  3 shard shrike simulacra
  2 demonspawn corrupters
  2 wendigos
  2 green deaths (Pan)
  A rakshasa (Pan)
  A caustic shrike simulacrum (Coc:2)
  An alligator (Zig:6)
  A stoker (Geh:7)
  A thrashing horror (Zig:14)
  2 quicksilver dragon simulacra
  A glowing orange brain (Pan)
  A phantasmal warrior (Zig:4)
  A rust devil (Depths:3)
  A merfolk siren (Zig:3)
  A hellion (Zig:8)
  An orange demon (Abyss:3)
  An iron giant simulacrum (Coc:4)
  A guardian mummy (Tomb:3)
  An ancient zyme (Zig:14)
  A tyrant leech (Zig:6)
  2 bloated husks
  A raiju (Zig:7)
  A slime creature (Zig:13)
  An alligator snapping turtle simulacrum (Coc:2)
  A golden eye (Zig:14)
  A vampire mosquito (Zig:6)
  A neqoxec (Zig:14)
  A harpy simulacrum (Coc:4)
  A swamp drake (Zig:11)
  A boggart (Vaults:3)
  A starcursed mass (Abyss:3)
  An iguana (Lair:5)
  An orc wizard (Orc:2)
  A mummy (Tomb:3)
  3 ball lightnings (Pan)
  A bush (Lair:4)
  A creeping inferno (Hell)
  15 demonic plants
  A fire vortex (Pan)
  57 foxfires
  33 fungi
  3 lurking horrors (Abyss:3)
  48 plants
  52 starspawn tentacles
  6 toadstools (Swamp:3)
  4 withered plants (D:15)
268 creatures vanquished.

Grand Total: 4827 creatures vanquished

Notes
Turn   | Place    | Note
-------+----------+-------------------------------------------
     0 | D:1      | xeno23 the Felid Transmuter began the quest for the Orb.
     0 | D:1      | Reached XP level 1. HP: 9/9 MP: 4/4
   187 | D:1      | Reached skill level 1 in Stealth
   187 | D:1      | Reached XP level 2. HP: 9/12 MP: 4/6
  1440 | D:2      | Reached XP level 3. HP: 15/15 MP: 5/7
  1540 | D:2      | Noticed Jessica
  1547 | D:2      | Killed Jessica
  1553 | D:2      | Learned a level 3 spell: Spider Form
  1636 | D:2      | Found a faded altar of an unknown god.
  1665 | D:2      | Reached XP level 4. HP: 19/19 MP: 5/8
  1961 | D:2      | Found a runed translucent door.
  1962 | D:2      | Noticed Crazy Yiuf
  2261 | D:3      | Found a snail-covered altar of Cheibriados.
  2396 | D:3      | Found a broken altar of Ashenzari.
  2399 | D:3      | Noticed Pargi
  2490 | D:3      | Noticed Sigmund
  2688 | D:3      | Noticed jazmu's ghost (amateur DgHu)
  2691 | D:3      | Found a runed translucent door.
  2796 | D:3      | Reached XP level 5. HP: 12/22 MP: 6/9
  2864 | D:4      | Found Dyixt's Assorted Antiques.
  2932 | D:4      | Found a runed translucent door.
  2936 | D:4      | Noticed caveywoolpert's ghost (novice DsEE)
  2947 | D:4      | Noticed Edmund
  3182 | D:4      | Noticed an ogre
  3383 | D:4      | Reached skill level 1 in Poison Magic
  3383 | D:4      | Gained mutation: You are covered in thick fur. (AC +2)
                  | [Felid growth]
  3383 | D:4      | Reached XP level 6. HP: 11/26 MP: 11/11
  3568 | D:4      | Found a sand-covered staircase.
  3573 | Ossuary  | Entered an ossuary
  3804 | Ossuary  | Reached XP level 7. HP: 30/30 MP: 12/12
  3977 | D:4      | Reached skill level 5 in Transmutations
  4103 | D:5      | Entered Level 5 of the Dungeon
  4113 | D:5      | Found a staircase to the Ecumenical Temple.
  4128 | Temple   | Entered the Ecumenical Temple
  4388 | D:4      | Reached skill level 5 in Dodging
  4406 | D:5      | Reached XP level 8. HP: 34/34 MP: 12/14
  4501 | D:5      | Found an iron altar of Okawaru.
  4526 | D:5      | Became a worshipper of Warmaster Okawaru
  4571 | D:5      | Learned a level 4 spell: Ice Form
  4761 | D:3      | Killed Sigmund
  5093 | D:3      | Killed Pargi
  5094 | D:3      | Reached skill level 5 in Stealth
  5094 | D:3      | Reached skill level 1 in Ice Magic
  5199 | D:3      | Killed jazmu's ghost
  5308 | D:2      | Killed Crazy Yiuf
  5312 | D:2      | Identified the +4 hammer of the Maze {heavy, *Corrode Will+
                  | SInv}
  5420 | D:4      | Killed Edmund
  5599 | D:4      | Bought a square blue amulet for 140 gold pieces
  5605 | D:4      | Bought a scroll labelled JUONNA CUW YLL for 28 gold pieces
  5605 | D:4      | Bought a cyan potion for 25 gold pieces
  5605 | D:4      | Bought a scroll labelled VATHRE LYORPH for 28 gold pieces
  5651 | D:5      | Reached * piety under Okawaru
  5880 | D:5      | Reached XP level 9. HP: 39/39 MP: 12/16
  5952 | D:5      | Found Eripy's Book Emporium.
  6551 | D:6      | Noticed Grinder
  6634 | D:6      | Reached skill level 5 in Unarmed Combat
  6722 | D:6      | Reached ** piety under Okawaru
  7471 | D:7      | Found Atoxuch's General Store.
  7475 | D:7      | Found Yrghy's Specific Store.
  7504 | D:7      | Found Hitosol's Book Shop.
  8012 | D:4      | Killed caveywoolpert's ghost
  8012 | D:4      | Reached *** piety under Okawaru
  8248 | D:6      | Killed Grinder
  8306 | D:6      | Reached XP level 10. HP: 35/43 MP: 9/18
  8779 | D:7      | Gained mutation: You are agile. (Dex +4, Str/Int -1)
                  | [potion of mutation]
  8779 | D:7      | Gained mutation: You have a pair of small antennae on your
                  | head. [potion of mutation]
  8779 | D:7      | Gained mutation: Your system is resistant to poisons.
                  | (rPois) [potion of mutation]
  8954 | D:8      | You fall into a shaft and drop 2 floors!
  8954 | D:10     | Entered Level 10 of the Dungeon
  8974 | D:10     | Reached skill level 5 in Fighting
  9044 | D:10     | Noticed a two-headed ogre
  9069 | D:10     | Found an opulent altar of Gozag.
  9095 | D:9      | Found a radiant altar of Vehumet.
  9153 | D:9      | Learned a level 2 spell: Wereblood
  9180 | D:8      | Noticed Psyche
  9182 | D:8      | Reached **** piety under Okawaru
  9187 | D:8      | Killed Psyche
  9188 | D:8      | Reached skill level 5 in Spellcasting
  9202 | D:8      | Reached skill level 5 in Ice Magic
  9381 | D:7      | Reached skill level 1 in Invocations
  9512 | D:8      | Learned a level 1 spell: Apportation
  9657 | D:8      | Found a stormy altar of Qazlal.
  9873 | D:9      | Reached ***** piety under Okawaru
  9944 | D:9      | Found a staircase to the Orcish Mines.
 10357 | D:9      | Noticed a two-headed ogre
 10512 | Orc:1    | Entered Level 1 of the Orcish Mines
 10512 | Orc:1    | Noticed an orc knight
 10512 | Orc:1    | Noticed an orc knight
 10512 | Orc:1    | Found a transporter.
 10546 | Orc:1    | Found Xedes's Assorted Antiques.
 10546 | Orc:1    | Noticed an orc high priest
 10556 | Orc:1    | Noticed a rust devil
 10559 | Orc:1    | Killed an orc high priest
 10585 | Orc:1    | Reached XP level 11. HP: 24/48 MP: 9/20
 10818 | Orc:1    | Noticed a two-headed ogre
 10851 | Orc:1    | Found a transporter.
 10949 | Orc:1    | Noticed an orc warlord
 11031 | Orc:1    | Noticed an ettin
 11225 | D:5      | Bought a book of Sloth for 504 gold pieces
 11230 | D:5      | Learned a level 4 spell: Petrify
 11237 | D:5      | Learned a level 6 spell: Statue Form
 11517 | D:9      | Killed a two-headed ogre
 11600 | D:9      | Reached skill level 1 in Earth Magic
 11751 | D:9      | Noticed a two-headed ogre
 12203 | D:9      | Killed a two-headed ogre
 12370 | D:9      | Noticed Erolcha
 12384 | D:9      | Killed Erolcha
 12384 | D:9      | Reached ****** piety under Okawaru
 12628 | Orc:1    | Found a transporter.
 12632 | Orc:1    | Found an ornate altar of the Wu Jian Council.
 12633 | Orc:1    | Found a transporter.
 12756 | Orc:1    | Killed an orc warlord
 12757 | Orc:1    | Reached skill level 10 in Transmutations
 12938 | Orc:1    | Killed an ettin
 13047 | Orc:1    | Found an ornate altar of the Wu Jian Council.
 13047 | Orc:1    | Noticed an orc warlord
 13651 | Orc:1    | Killed a two-headed ogre
 13668 | Orc:2    | Entered Level 2 of the Orcish Mines
 13703 | Orc:2    | Found a staircase to the Elven Halls.
 13719 | Orc:2    | Noticed an orc knight
 13820 | Orc:1    | Reached skill level 5 in Invocations
 13949 | Orc:2    | Gained mutation: Your thick and shaggy fur keeps you warm.
                  | (AC +3, rC+) [Felid growth]
 13949 | Orc:2    | Reached XP level 12. HP: 43/53 MP: 11/22
 13961 | Orc:2    | Noticed an orc high priest
 14048 | Orc:2    | Killed an orc high priest
 14504 | Orc:2    | Noticed an orc high priest
 14668 | Orc:1    | Killed an orc high priest
 15015 | Orc:2    | Noticed an orc high priest
 15095 | Orc:2    | Reached skill level 5 in Earth Magic
 15115 | Orc:2    | Killed an orc high priest
 15135 | Orc:2    | Noticed an orc high priest
 15143 | Orc:2    | Killed an orc high priest
 15646 | Orc:2    | Found Kypited's Assorted Antiques.
 15646 | Orc:2    | Found Teblosk's Armour Emporium.
 15647 | Orc:2    | Found Vyificin's Distillery.
 15651 | Orc:2    | Found Giost's Magic Scroll Shoppe.
 15659 | Orc:2    | Bought a scroll of blinking for 105 gold pieces
 15659 | Orc:2    | Bought a scroll of blinking for 105 gold pieces
 15662 | Orc:2    | Bought a tubular garnet ring for 155 gold pieces
 15800 | Orc:1    | Bought a scroll labelled DIOTYE VAWK for 19 gold pieces
 15800 | Orc:1    | Bought a scroll labelled UPREVA YN IMAWK for 19 gold pieces
 15800 | Orc:1    | Bought a lumpy platinum amulet for 95 gold pieces
 15800 | Orc:1    | Bought a scroll of identify for 38 gold pieces
 15895 | D:10     | Killed a two-headed ogre
 16009 | D:10     | Found a staircase to the Lair.
 16032 | D:10     | Noticed Edirash's ghost (novice FeCj)
 16038 | D:10     | Found a runed translucent gate.
 16038 | D:10     | Found a runed translucent gate.
 16041 | D:10     | Found a runed translucent gate.
 16070 | D:10     | Noticed Urug
 16106 | D:10     | Noticed Erica
 16225 | D:10     | Killed Urug
 16284 | D:10     | Killed Erica
 16495 | D:10     | Found a hide-covered altar of Uskayaw.
 16657 | D:10     | Killed Edirash's ghost
 16783 | Lair:1   | Entered Level 1 of the Lair of Beasts
 17313 | Lair:1   | Noticed Fannar
 17434 | Lair:2   | Reached XP level 13. HP: 56/56 MP: 19/23
 17462 | Lair:2   | Identified a scroll of acquirement
 17691 | Lair:2   | Found a staircase to the Swamp.
 18089 | Lair:2   | HP: 2/67 [wolf (7)]
 18649 | Lair:3   | Learned a level 2 spell: Blink
 18739 | Lair:3   | You fall into a shaft and drop 2 floors!
 18739 | Lair:5   | Entered Level 5 of the Lair of Beasts
 18775 | Lair:5   | Reached skill level 10 in Earth Magic
 18847 | Lair:5   | Noticed Snorg
 19802 | Lair:4   | Found a runed translucent gate.
 19802 | Lair:4   | Found a runed translucent gate.
 19802 | Lair:4   | Found a runed translucent gate.
 19866 | Lair:4   | Identified the ring "Roec" {rElec Dex+6 SInv}
 19943 | Lair:4   | Noticed Josephine
 19949 | Lair:4   | Reached XP level 14. HP: 58/58 MP: 14/27
 19956 | Lair:4   | Killed Josephine
 20035 | Lair:4   | Noticed theswoord's ghost (journeyman DsGl)
 20135 | Lair:4   | Killed theswoord's ghost
 20529 | Lair:4   | Noticed Kirke
 20560 | Lair:4   | Killed Kirke
 20875 | Lair:5   | Killed Snorg
 20983 | Lair:5   | Found a viscous altar of Jiyva.
 20983 | Lair:5   | Found a staircase to the Slime Pits.
 21706 | Arena    | Entered the Arena
 21727 | Lair:5   | Killed from afar by a lindwurm
 21728 | Lair:5   | Reached XP level 13. HP: -4/72 MP: 0/27
 21738 | Lair:5   | Killed from afar by a fire dragon
 21739 | Lair:5   | Reached XP level 12. HP: -15/53 MP: 0/26
 22217 | Lair:5   | Killed a fire dragon
 22815 | Lair:3   | Found a staircase to the Snake Pit.
 23633 | Lair:1   | Killed Fannar
 23634 | Lair:1   | Reached skill level 1 in Translocations
 23634 | Lair:1   | Reached XP level 13. HP: 40/56 MP: 18/27
 24013 | Lair:1   | Acquired the ring "Saliotto" {rF+ rCorr AC+4 Str-4 Int+2}
 24099 | D:11     | Identified the +1 long sword of Wishriug {flame, Dex+2}
 25721 | D:12     | Identified the +4 dagger of Disarray {holy, Dex+2}
 26038 | D:13     | Found a gate to the Vaults.
 26344 | D:13     | Reached skill level 10 in Spellcasting
 26482 | D:13     | Found Reeh's Weapon Shop.
 26995 | D:14     | Found Fufoagru's Magic Scroll Shop.
 27772 | D:14     | Reached XP level 14. HP: 60/60 MP: 22/29
 27993 | Arena    | Entered the Arena
 28337 | D:15     | Entered Level 15 of the Dungeon
 28380 | D:15     | Reached skill level 10 in Invocations
 28415 | Arena    | Entered the Arena
 28768 | D:15     | Found a staircase to the Depths.
 28786 | D:15     | Reached skill level 10 in Dodging
 28806 | Arena    | Entered the Arena
 29259 | D:15     | Reached skill level 10 in Unarmed Combat
 30094 | Swamp:1  | Entered Level 1 of the Swamp
 30099 | Swamp:1  | Found a runed translucent gate.
 30099 | Swamp:1  | Found a runed translucent gate.
 30099 | Swamp:1  | Found a runed translucent gate.
 30102 | Swamp:1  | Noticed Dirian's ghost (journeyman MiFi)
 30884 | Swamp:1  | Reached XP level 15. HP: 66/66 MP: 23/30
 30926 | Arena    | Entered the Arena
 30938 | Arena    | Reached skill level 1 in Evocations
 31473 | Swamp:1  | Noticed a thorn hunter
 31758 | Swamp:1  | Killed a thorn hunter
 32723 | Swamp:3  | Found a frozen archway.
 32728 | Swamp:3  | Slain by a goliath frog
 32729 | Swamp:3  | Reached XP level 14. HP: -2/81 MP: 0/29
 32850 | IceCv    | Entered an ice cave
 33336 | IceCv    | Noticed an Ice Fiend
 33336 | IceCv    | Noticed an Ice Fiend
 33339 | IceCv    | Killed an Ice Fiend
 33346 | IceCv    | Killed an Ice Fiend
 33669 | Swamp:3  | Noticed a fenstrider witch
 33673 | Swamp:3  | Killed a fenstrider witch
 33674 | Swamp:3  | Reached XP level 15. HP: 69/69 MP: 19/30
 33826 | Swamp:3  | Noticed a thorn hunter
 33834 | Swamp:3  | Killed a thorn hunter
 34088 | Swamp:3  | Identified the amulet of Xom's Sleight of Hands {Reflect
                  | Drain rN+ Int+4 Dex+3 SH+5 SInv}
 34339 | Swamp:4  | Entered Level 4 of the Swamp
 34345 | Swamp:4  | Reached skill level 10 in Fighting
 34354 | Arena    | Entered the Arena
 34890 | Swamp:4  | Noticed the 27-headed Lernaean hydra
 35222 | Swamp:4  | Killed the 27-headed Lernaean hydra
 35510 | Swamp:4  | Got a decaying rune of Zot
 35979 | Swamp:2  | Identified the +8 battleaxe of Xeirio {chaos, rC+ Will+}
 36314 | Snake:1  | Entered Level 1 of the Snake Pit
 36362 | Lair:3   | Reached skill level 15 in Unarmed Combat
 36632 | Snake:1  | Reached XP level 16. HP: 75/75 MP: 28/31
 36903 | Snake:1  | Found Zinkurph's Antique Weapon Shop.
 36918 | Snake:1  | Found Erhefast's Magic Scroll Shop.
 36922 | Snake:1  | Found Jookle's Assorted Antiques.
 36925 | Snake:1  | Found Nisuky's Distillery.
 36955 | Snake:1  | Bought 2 potions of haste for 320 gold pieces
 36955 | Snake:1  | Bought a potion of haste for 160 gold pieces
 36976 | Snake:1  | Noticed Roxanne
 37048 | Snake:1  | Killed Roxanne
 37394 | Snake:2  | Noticed Donald
 37410 | Snake:1  | Slain by a salamander
 37411 | Snake:1  | Reached XP level 15. HP: -2/93 MP: 29/30
 37470 | Snake:2  | Killed Donald
 37588 | Arena    | Entered the Arena
 37831 | Snake:2  | Found a shimmering altar of Xom.
 37881 | Snake:2  | Noticed a nagaraja
 38185 | Arena    | Entered the Arena
 39106 | Snake:3  | Noticed Saint Roka
 39268 | Snake:3  | Reached XP level 16. HP: 77/77 MP: 26/31
 39349 | Arena    | Entered the Arena
 39598 | Snake:3  | Learned a level 5 spell: Lee's Rapid Deconstruction
 39806 | Snake:3  | Killed Saint Roka
 39923 | Snake:4  | Entered Level 4 of the Snake Pit
 40202 | Arena    | Entered the Arena
 40967 | Snake:4  | Identified the +0 ring mail "Qicwep" {+Inv rElec Str+3}
 41121 | Snake:4  | Reached XP level 17. HP: 82/82 MP: 32/32
 41204 | Snake:4  | Got a serpentine rune of Zot
 41395 | Snake:1  | Reached skill level 10 in Stealth
 41402 | Snake:1  | Bought a potion of invisibility for 128 gold pieces
 41405 | Snake:1  | Bought a scroll of amnesia for 68 gold pieces
 41405 | Snake:1  | Bought a scroll of vulnerability for 68 gold pieces
 41405 | Snake:1  | Bought a scroll of fear for 68 gold pieces
 41638 | Elf:1    | Entered Level 1 of the Elven Halls
 41682 | Elf:1    | Paralysed by an air elemental for 1 turns
 41711 | Arena    | Entered the Arena
 42079 | Elf:1    | Noticed a Tzitzimitl
 42295 | Elf:1    | Found Ecuun's Distillery.
 42950 | Elf:2    | Found Reoluege's Distillery.
 42998 | Elf:2    | Bought a potion of might for 76 gold pieces
 42998 | Elf:2    | Bought a potion of might for 76 gold pieces
 42998 | Elf:2    | Bought 2 potions of heal wounds for 190 gold pieces
 43396 | Elf:2    | Found a huge runed translucent gate.
 43396 | Elf:2    | Found a huge runed translucent gate.
 43396 | Elf:2    | Found a huge runed translucent gate.
 43396 | Elf:2    | Found a huge runed translucent gate.
 43396 | Elf:2    | Found a huge runed translucent gate.
 43569 | Arena    | Entered the Arena
 44143 | Elf:3    | Entered Level 3 of the Elven Halls
 44151 | Elf:3    | Noticed Mara
 44165 | Elf:3    | Killed Mara
 44224 | Elf:3    | Reached XP level 18. HP: 88/88 MP: 24/33
 44373 | Elf:3    | Learned a level 4 spell: Manifold Assault
 44507 | Elf:3    | Noticed an Ice Fiend
 44677 | Elf:3    | Reached skill level 5 in Translocations
 44921 | Elf:3    | Identified the +1 glaive of the First Souls {flame, Str+2}
 44927 | Elf:3    | Identified the +10 spear "Noalick" {drain, rElec rC++ rCorr
                  | Str-4}
 45197 | Arena    | Entered the Arena
 45874 | Elf:3    | Noticed a Tzitzimitl
 45914 | Elf:3    | Identified the ring "Zimoetsapt" {rN+ Str+3}
 45935 | Elf:3    | Identified the +9 ice dragon scales "Niwk" {rPois rF- rC++
                  | Will+}
 46113 | Elf:3    | Learned a level 6 spell: Eringya's Noxious Bog
 46221 | Elf:3    | Learned a level 4 spell: Passage of Golubria
 46733 | Vaults:1 | Entered Level 1 of the Vaults
 46961 | Vaults:1 | Found Exilozam's Antique Armour Shop.
 47359 | Vaults:1 | Found Asmerah's Armour Shop.
 47477 | Vaults:1 | Reached skill level 15 in Fighting
 47481 | Vaults:1 | Reached XP level 19. HP: 93/93 MP: 32/35
 48761 | Vaults:2 | Reached skill level 10 in Translocations
 48896 | Vaults:2 | Found a staircase to the Crypt.
 48947 | Crypt:1  | Entered Level 1 of the Crypt
 49243 | Arena    | Entered the Arena
 49731 | Crypt:1  | Noticed Aizul
 49740 | Crypt:1  | Killed Aizul
 50176 | Crypt:2  | Noticed Vv
 50280 | Crypt:3  | Entered Level 3 of the Crypt
 50377 | Crypt:3  | Reached XP level 20. HP: 97/97 MP: 25/37
 51060 | Crypt:3  | Found a staircase to the Tomb.
 51277 | Crypt:3  | Noticed a bone dragon
 51366 | Crypt:3  | Killed a bone dragon
 51681 | Crypt:3  | Got Sif Muna's Monograph on Repulsive Amathomancy
 51681 | Crypt:3  | Noticed an ancient lich
 51681 | Crypt:3  | Noticed a dread lich
 51746 | Crypt:3  | Killed a dread lich
 51778 | Crypt:3  | Killed an ancient lich
 51781 | Crypt:3  | Identified the +0 rapier of Leonkaz {elec, Str+6}
 51783 | Crypt:3  | Got Gatzyj's Secrets of Vexing Evil
 51787 | Crypt:3  | Identified the ring "Qiluost" {rC+ rN+ Will+ Dex+3}
 51787 | Crypt:3  | Identified the ring "Dexowk" {rElec rN+ Str+3 Stlth-}
 51793 | Crypt:3  | Identified the +8 rapier of Xefol {freeze, rN+ Will- rCorr}
 51795 | Crypt:3  | Identified the +4 ring mail "Tasusull" {Int+3}
 52078 | Crypt:2  | Reached skill level 15 in Dodging
 52133 | Crypt:2  | Got the Handbook of Cursed Geometry
 52325 | Arena    | Entered the Arena
 53213 | Vaults:2 | Paralysed by a great orb of eyes for 3 turns
 53219 | Arena    | Entered the Arena
 53530 | Vaults:2 | Reached XP level 21. HP: 103/103 MP: 35/39
 53537 | Vaults:2 | Reached skill level 15 in Stealth
 54203 | Vaults:3 | Found the +16 obsidian axe {drain, demonic, Mesm Drain Fly
                  | SInv}
 54241 | Vaults:3 | Found a transporter.
 54242 | Vaults:3 | Found a radiant altar of Vehumet.
 54460 | Vaults:3 | Found a magical portal.
 54493 | WizLab   | Entered Lehudib's Moon Base
 54977 | WizLab   | Identified the ring of Vanity {rF- rC+ MP-9 Str+9}
 54997 | WizLab   | Found a transporter.
 55496 | WizLab   | Found a transporter.
 55655 | WizLab   | Identified the +2 flail "Neofoxy" {speed, Dex+2}
 55656 | WizLab   | Identified the amulet "Nuiklog" {Harm Rampage Regen+ Dex+4}
 55834 | Vaults:3 | Found Faagonin's Magic Scroll Shoppe.
 55849 | Vaults:3 | Bought a scroll of teleportation for 33 gold pieces
 55849 | Vaults:3 | Bought a scroll of amnesia for 44 gold pieces
 56790 | Vaults:3 | Reached XP level 22. HP: 109/109 MP: 31/41
 56822 | Vaults:3 | Found a transporter.
 56823 | Vaults:3 | Identified the +1 hand axe "Nerror" {distort, Str+3 Stlth+}
 57150 | Vaults:4 | Reached skill level 5 in Evocations
 58155 | Vaults:4 | Reached skill level 15 in Spellcasting
 59009 | Snake:1  | Bought 2 potions of brilliance for 128 gold pieces
 59009 | Snake:1  | Bought 2 potions of magic for 256 gold pieces
 59009 | Snake:1  | Bought a potion of cancellation for 128 gold pieces
 59009 | Snake:1  | Bought a potion of curing for 48 gold pieces
 59130 | Swamp:1  | Learned a level 7 spell: Dragon Form
 59136 | Swamp:1  | Killed Dirian's ghost
 59177 | Swamp:3  | Learned a level 5 spell: Lightning Bolt
 59295 | Slime:1  | Entered Level 1 of the Pits of Slime
 59438 | Slime:5  | Entered Level 5 of the Pits of Slime
 59590 | Slime:5  | Found a viscous altar of Jiyva.
 59611 | Slime:5  | Noticed the Royal Jelly
 59637 | Slime:5  | Killed the Royal Jelly
 59810 | Slime:5  | Got a slimy rune of Zot
 59852 | Slime:5  | Got the Precepts of Crystallized Soot
 60000 | Arena    | Entered the Arena
 60285 | D:4      | Bought a potion of curing for 84 gold pieces
 60285 | D:4      | Bought a wand of iceblast (4) for 268 gold pieces
 60342 | D:7      | Bought 2 scrolls of teleportation for 72 gold pieces
 60342 | D:7      | Bought a potion of haste for 120 gold pieces
 60342 | D:7      | Bought a wand of paralysis (6) for 172 gold pieces
 60342 | D:7      | Bought a potion of cancellation for 96 gold pieces
 60346 | D:7      | Bought a scroll of magic mapping for 97 gold pieces
 60526 | Orc:2    | Bought a potion of curing for 33 gold pieces
 60526 | Orc:2    | Bought a potion of mutation for 88 gold pieces
 60526 | Orc:2    | Bought a potion of heal wounds for 55 gold pieces
 60526 | Orc:2    | Bought a potion of attraction for 33 gold pieces
 60526 | Orc:2    | Bought a potion of curing for 33 gold pieces
 60526 | Orc:2    | Bought a potion of curing for 33 gold pieces
 60529 | Orc:2    | Bought 3 scrolls of fog for 168 gold pieces
 60530 | Orc:2    | Bought a scroll of teleportation for 93 gold pieces
 60530 | Orc:2    | Bought a scroll of blinking for 232 gold pieces
 60530 | Orc:2    | Bought a potion of magic for 248 gold pieces
 60573 | Elf:1    | Bought a potion of curing for 36 gold pieces
 60573 | Elf:1    | Bought a potion of curing for 36 gold pieces
 60573 | Elf:1    | Bought a potion of resistance for 120 gold pieces
 60573 | Elf:1    | Bought a potion of haste for 120 gold pieces
 60573 | Elf:1    | Bought a potion of attraction for 36 gold pieces
 60573 | Elf:1    | Bought a potion of might for 48 gold pieces
 60828 | D:14     | Bought a scroll of teleportation for 45 gold pieces
 60828 | D:14     | Bought a scroll of magic mapping for 112 gold pieces
 60828 | D:14     | Bought a scroll of fog for 60 gold pieces
 60934 | Depths:1 | Entered Level 1 of the Depths
 61460 | Depths:1 | Reached XP level 23. HP: 116/116 MP: 37/43
 61510 | Depths:1 | You fall into a shaft and drop 1 floor!
 61510 | Depths:2 | Noticed Nikola
 61517 | Depths:2 | Killed Nikola
 61620 | Depths:1 | Found Fusche's Antique Weapon Shop.
 61848 | Depths:1 | Found a one-way gate to the infinite horrors of the Abyss.
 62172 | Depths:1 | Found a gateway to Hell.
 62315 | Depths:2 | Noticed Grunn
 62329 | Depths:2 | Killed Grunn
 63008 | Depths:2 | Reached skill level 15 in Translocations
 63065 | Arena    | Entered the Arena
 63674 | Depths:2 | Found a one-way gate leading to the halls of Pandemonium.
 63819 | Depths:3 | Found a one-way gateway to a ziggurat.
 63934 | Depths:3 | Reached skill level 10 in Evocations
 63949 | Depths:3 | Found an ornate altar of the Wu Jian Council.
 65046 | Depths:4 | Entered Level 4 of the Depths
 65111 | Depths:4 | Found a sparkling altar of Nemelex Xobeh.
 65434 | Depths:4 | Found a gate to the Realm of Zot.
 65657 | Depths:4 | Reached XP level 24. HP: 123/123 MP: 23/43
 66251 | Depths:4 | Acquired a There-And-Back Book
 66700 | Vaults:5 | Entered Level 5 of the Vaults
 66765 | Vaults:5 | Noticed a dread lich
 66766 | Arena    | Entered the Arena
 66771 | Arena    | Killed a dread lich
 66896 | Vaults:5 | Noticed Jory
 67040 | Vaults:5 | Reached skill level 15 in Transmutations
 67047 | Vaults:5 | Killed Jory
 67150 | Vaults:5 | Identified the ring "Opsail" {rElec rF+ Dex+3}
 67153 | Vaults:5 | Identified the +12 long sword "Housotat" {freeze, rPois
                  | rN++}
 67191 | Vaults:5 | Noticed Margery
 67229 | Vaults:5 | Killed Margery
 67383 | Vaults:5 | Identified the +3 robe "Xoomn" {rN+ Str+3 Int+3}
 67388 | Vaults:5 | Identified the ring "Beje" {rF+ Str+4 Dex+6}
 67506 | Vaults:5 | Got Sif Muna's Incunabulum of Evil
 67510 | Vaults:5 | Got the Catalogue of the Aerial Bonfire
 67520 | Vaults:5 | Learned a level 3 spell: Gell's Gravitas
 67811 | Vaults:5 | Learned a level 7 spell: Storm Form
 67872 | Vaults:5 | Reached skill level 1 in Air Magic
 67942 | Vaults:5 | Got the Grimoire of Austromancy
 68113 | Vaults:5 | Got a silver rune of Zot
 68565 | Vaults:5 | Learned a level 3 spell: Ozocubu's Armour
 69320 | Depths:3 | Learned a level 2 spell: Ensorcelled Hibernation
 69383 | Pan      | Entered Pandemonium
 69403 | Pan      | Reached skill level 1 in Hexes
 69506 | Pan      | Found a transporter.
 69517 | Pan      | Learned a level 2 spell: Passwall
 69611 | Arena    | Entered the Arena
 69670 | Pan      | Found a transporter.
 69866 | Pan      | Reached XP level 25. HP: 128/128 MP: 7/44
 70007 | Arena    | Entered the Arena
 70029 | Pan      | Reached skill level 5 in Hexes
 70307 | Pan      | Noticed Meugom the pandemonium lord
 70317 | Pan      | Killed Meugom the pandemonium lord
 70457 | Pan      | Entered the realm of Cerebov.
 70459 | Pan      | Got a fiery rune of Zot
 70461 | Pan      | Found the +6 sword of Cerebov {flame}
 70461 | Pan      | Noticed Cerebov
 70760 | Pan      | Found a runed translucent door.
 70768 | Pan      | Found a runed translucent door.
 70771 | Pan      | Found a runed translucent door.
 70775 | Pan      | Noticed Egrumeu the pandemonium lord
 70783 | Pan      | Killed Egrumeu the pandemonium lord
 70789 | Pan      | Found a runed translucent door.
 70829 | Pan      | Entered the realm of Gloorx Vloq.
 71364 | Pan      | Noticed Gloorx Vloq
 71377 | Pan      | Killed Gloorx Vloq
 71390 | Pan      | Learned a level 8 spell: Disjunction
 71458 | Pan      | Got a dark rune of Zot
 71636 | Pan      | Entered the realm of Lom Lobon.
 71647 | Arena    | Entered the Arena
 71704 | Pan      | Identified the +1 robe of Masochism {Int+5}
 71952 | Pan      | Reached skill level 10 in Hexes
 72635 | Pan      | Noticed Lom Lobon
 72638 | Arena    | Entered the Arena
 72645 | Arena    | Killed Lom Lobon
 72659 | Pan      | Got a magical rune of Zot
 72758 | Pan      | Entered the realm of Mnoleg.
 72780 | Pan      | Gained mutation: Your magical capacity is low. (-10% MP) [a
                  | cacodemon]
 72820 | Pan      | Gained mutation: Your body sometimes deteriorates upon
                  | taking damage. [a cacodemon]
 73025 | Pan      | Noticed Mnoleg
 73027 | Pan      | Paralysed by a floating eye for 3 turns
 73038 | Pan      | Killed Mnoleg
 73135 | Pan      | Paralysed by a floating eye for 4 turns
 73145 | Pan      | Gained mutation: You are dopey. (Int -2) [a neqoxec]
 73145 | Pan      | Paralysed by a floating eye for 4 turns
 73149 | Pan      | Gained mutation: You are frail. (-10% HP) [a neqoxec]
 73156 | Pan      | Reached XP level 26. HP: 66/120 MP: 3/39
 73401 | Pan      | Got a glowing rune of Zot
 73559 | Pan      | HP: 1/156 [sun demon[a balrug] (25)]
 73582 | Pan      | Lost mutation: Your body sometimes deteriorates upon taking
                  | damage. [potion of mutation]
 73582 | Pan      | Lost mutation: Your system is resistant to poisons. (rPois)
                  | [potion of mutation]
 73582 | Pan      | Lost mutation: You are dopey. (Int -2) [potion of mutation]
 73582 | Pan      | Lost mutation: Your magical capacity is low. (-10% MP)
                  | [potion of mutation]
 73583 | Pan      | Lost mutation: You have a pair of small antennae on your
                  | head. [potion of mutation]
 73583 | Pan      | Lost mutation: You are frail. (-10% HP) [potion of
                  | mutation]
 73583 | Pan      | Gained mutation: You are partially covered in iridescent
                  | scales. (AC +2) [potion of mutation]
 73583 | Pan      | Gained mutation: Your muscles are strong. (Str +4, Int/Dex
                  | -1) [potion of mutation]
 73826 | Pan      | Found an exit through the horrors of the Abyss.
 73901 | Pan      | Noticed Aleafini the pandemonium lord
 73920 | Pan      | Killed Aleafini the pandemonium lord
 74075 | Pan      | Got a demonic rune of Zot
 74862 | Pan      | Took an exit into the Abyss.
 74862 | Abyss:1  | Escaped into the Abyss
 75242 | Abyss:3  | Found a corrupted altar of Lugonu.
 75422 | Abyss:3  | Found a corrupted altar of Lugonu.
 75440 | Abyss:3  | Found a corrupted altar of Lugonu.
 75440 | Abyss:3  | Found a corrupted altar of Lugonu.
 75509 | Abyss:3  | Reached skill level 15 in Hexes
 75609 | Abyss:3  | Lost mutation: You are agile. (Dex +4, Str/Int -1) [a
                  | neqoxec]
 75955 | Abyss:3  | Paralysed by accursed screaming for 2 turns
 76166 | Abyss:3  | Gained mutation: You are strong-willed. (Will+) [a neqoxec]
 76212 | Abyss:3  | Found a corrupted altar of Lugonu.
 76340 | Abyss:3  | Reached XP level 27. HP: 138/138 MP: 42/44
 76380 | Abyss:3  | Learned a level 8 spell: Discord
 76544 | Abyss:3  | Found a shimmering altar of Xom.
 76544 | Abyss:3  | Found a shimmering altar of Xom.
 76544 | Abyss:3  | Found a shimmering altar of Xom.
 76544 | Abyss:3  | Found a shimmering altar of Xom.
 76560 | Abyss:3  | Found a shimmering altar of Xom.
 76560 | Abyss:3  | Found a shimmering altar of Xom.
 76560 | Abyss:3  | Found a shimmering altar of Xom.
 76560 | Abyss:3  | Found a shimmering altar of Xom.
 76560 | Abyss:3  | Found a shimmering altar of Xom.
 76560 | Abyss:3  | Found a corrupted altar of Lugonu.
 76560 | Abyss:3  | Found a shimmering altar of Xom.
 76560 | Abyss:3  | Found a shimmering altar of Xom.
 76560 | Abyss:3  | Found a shimmering altar of Xom.
 76560 | Abyss:3  | Found a shimmering altar of Xom.
 76560 | Abyss:3  | Paralysed by accursed screaming for 1 turns
 76574 | Abyss:3  | Found a shimmering altar of Xom.
 76574 | Abyss:3  | Found a shimmering altar of Xom.
 76574 | Abyss:3  | Found a shimmering altar of Xom.
 76614 | Abyss:3  | Found a shimmering altar of Xom.
 76625 | Abyss:3  | Found a shimmering altar of Xom.
 76625 | Abyss:3  | Found a shimmering altar of Xom.
 76625 | Abyss:3  | Found a shimmering altar of Xom.
 76626 | Abyss:3  | Found a shimmering altar of Xom.
 76626 | Abyss:3  | Found a shimmering altar of Xom.
 76627 | Abyss:3  | Found a shimmering altar of Xom.
 76627 | Abyss:3  | Found a shimmering altar of Xom.
 76627 | Abyss:3  | Found a shimmering altar of Xom.
 76629 | Abyss:3  | Found a shimmering altar of Xom.
 77027 | Abyss:3  | Gained mutation: You are frail. (-10% HP) [a neqoxec]
 77028 | Abyss:3  | Gained mutation: Your spells are a little easier to cast,
                  | but a little less powerful. [a neqoxec]
 77288 | Abyss:3  | Gained mutation: Your spells are easier to cast, but less
                  | powerful. [a shining eye]
 77290 | Abyss:3  | Lost mutation: You are frail. (-10% HP) [potion of
                  | mutation]
 77290 | Abyss:3  | Lost mutation: You are strong-willed. (Will+) [potion of
                  | mutation]
 77290 | Abyss:3  | Gained mutation: You have a pair of small antennae on your
                  | head. [potion of mutation]
 77290 | Abyss:3  | Gained mutation: You possess an exceptional clarity of
                  | mind. [potion of mutation]
 77290 | Abyss:3  | Gained mutation: Your magical capacity is low. (-10% MP)
                  | [potion of mutation]
 77290 | Abyss:3  | Gained mutation: Your muscles are very strong. (Str +8,
                  | Int/Dex -2) [potion of mutation]
 77291 | Abyss:3  | Lost mutation: You have a pair of small antennae on your
                  | head. [potion of mutation]
 77291 | Abyss:3  | Lost mutation: You possess an exceptional clarity of mind.
                  | [potion of mutation]
 77291 | Abyss:3  | Lost mutation: You are partially covered in iridescent
                  | scales. (AC +2) [potion of mutation]
 77291 | Abyss:3  | Gained mutation: You passively map a small area around you.
                  | [potion of mutation]
 77292 | Abyss:3  | Lost mutation: Your magical capacity is low. (-10% MP)
                  | [potion of mutation]
 77292 | Abyss:3  | Lost mutation: You passively map a small area around you.
                  | [potion of mutation]
 77292 | Abyss:3  | Gained mutation: You are agile. (Dex +4, Str/Int -1)
                  | [potion of mutation]
 77292 | Abyss:3  | Gained mutation: You passively map a small area around you.
                  | [potion of mutation]
 77293 | Abyss:3  | Lost mutation: You passively map a small area around you.
                  | [potion of mutation]
 77293 | Abyss:3  | Lost mutation: Your spells are easier to cast, but less
                  | powerful. [potion of mutation]
 77293 | Abyss:3  | Gained mutation: You do not regenerate when monsters are
                  | visible. [potion of mutation]
 77293 | Abyss:3  | Gained mutation: You are frail. (-10% HP) [potion of
                  | mutation]
 77293 | Abyss:3  | Gained mutation: You are vulnerable to heat. (rF-) [potion
                  | of mutation]
 77294 | Abyss:3  | Lost mutation: Your spells are a little easier to cast, but
                  | a little less powerful. [potion of mutation]
 77294 | Abyss:3  | Lost mutation: Your muscles are very strong. (Str +8,
                  | Int/Dex -2) [potion of mutation]
 77294 | Abyss:3  | Lost mutation: You are vulnerable to heat. (rF-) [potion of
                  | mutation]
 77294 | Abyss:3  | Lost mutation: Your muscles are strong. (Str +4, Int/Dex
                  | -1) [potion of mutation]
 77294 | Abyss:3  | Gained mutation: Your spells are a little easier to cast,
                  | but a little less powerful. [potion of mutation]
 77294 | Abyss:3  | Gained mutation: You expend magic power (3 MP) to
                  | strengthen your wands. [potion of mutation]
 77294 | Abyss:3  | Gained mutation: You are partially covered in iridescent
                  | scales. (AC +2) [potion of mutation]
 77295 | Abyss:3  | Lost mutation: You do not regenerate when monsters are
                  | visible. [potion of mutation]
 77295 | Abyss:3  | Lost mutation: Your spells are a little easier to cast, but
                  | a little less powerful. [potion of mutation]
 77295 | Abyss:3  | Gained mutation: Your body sometimes deteriorates upon
                  | taking damage. [potion of mutation]
 77295 | Abyss:3  | Lost mutation: You are partially covered in iridescent
                  | scales. (AC +2) [potion of mutation]
 77511 | Abyss:3  | Found a corrupted altar of Lugonu.
 77669 | Abyss:3  | Noticed a dread lich
 77676 | Abyss:3  | Killed a dread lich
 77735 | Abyss:3  | Got an abyssal rune of Zot
 77743 | Depths:3 | Escaped the Abyss
 77745 | Depths:3 | Lost mutation: You expend magic power (3 MP) to strengthen
                  | your wands. [potion of mutation]
 77745 | Depths:3 | Lost mutation: Your body sometimes deteriorates upon taking
                  | damage. [potion of mutation]
 77745 | Depths:3 | Lost mutation: You are agile. (Dex +4, Str/Int -1) [potion
                  | of mutation]
 77745 | Depths:3 | Gained mutation: You expend magic power (3 MP) to
                  | strengthen your wands. [potion of mutation]
 77745 | Depths:3 | Gained mutation: You are clumsy. (Dex -2) [potion of
                  | mutation]
 77745 | Depths:3 | Lost mutation: You are clumsy. (Dex -2) [potion of
                  | mutation]
 77878 | Zig:1    | Entered Level 1 of a ziggurat
 77945 | Zig:2    | Entered Level 2 of a ziggurat
 77967 | Zig:3    | Entered Level 3 of a ziggurat
 78005 | Zig:4    | Entered Level 4 of a ziggurat
 78026 | Zig:4    | Identified the ring "Sagyri" {rF- Int+4 Dex+6}
 78030 | Zig:4    | Identified the +8 dagger "Toowec" {pain, rN+ rCorr}
 78143 | Zig:5    | Entered Level 5 of a ziggurat
 78148 | Zig:5    | Noticed Zyfamm the pandemonium lord
 78156 | Zig:5    | Killed Zyfamm the pandemonium lord
 78382 | Zig:6    | Entered Level 6 of a ziggurat
 78415 | Zig:7    | Entered Level 7 of a ziggurat
 78455 | Zig:8    | Entered Level 8 of a ziggurat
 78462 | Zig:8    | Noticed an ancient lich
 78474 | Zig:8    | Killed an ancient lich
 78475 | Zig:8    | Paralysed by a wendigo for 1 turns
 78478 | Zig:8    | Identified the amulet "Caonn" {Spirit Str+5}
 78785 | Zig:9    | Entered Level 9 of a ziggurat
 78789 | Zig:9    | Noticed Sec Gimp the pandemonium lord
 78789 | Zig:9    | Gained mutation: You occasionally lose the ability to drink
                  | potions when taking damage. [a cacodemon]
 78804 | Zig:9    | Killed Sec Gimp the pandemonium lord
 78806 | Arena    | Entered the Arena
 79013 | Zig:9    | Identified the +1 plate armour of Gravity {rN+}
 79020 | Zig:9    | Identified the +0 robe of Reason {Harm rElec rF+ Int-3}
 79074 | Zig:9    | Learned a level 5 spell: Yara's Violent Unravelling
 79078 | Zig:10   | Entered Level 10 of a ziggurat
 79085 | Zig:10   | Found the +9 sword of Power {lifebolt}
 79089 | Zig:10   | Found the +10 morningstar "Eos" {elec, Halo rElec}
 79170 | Zig:11   | Entered Level 11 of a ziggurat
 79180 | Zig:11   | Found the ring of the Tortoise {AC+8}
 79262 | Zig:12   | Entered Level 12 of a ziggurat
 79354 | Zig:12   | Identified the ring of Nujaf {*Corrode rF+ Will+ Dex+7}
 79362 | Zig:13   | Entered Level 13 of a ziggurat
 79457 | Zig:13   | Identified the +8 great sword "Lifebane" {distort, Dex+6
                  | Stlth+}
 79458 | Zig:13   | Identified the +1 great sword of Supitzaa {venom, rN+ Will+
                  | rCorr Int-3}
 79461 | Zig:13   | Identified the +0 leather armour "Puats" {rElec rPois rC+}
 79538 | Zig:14   | Entered Level 14 of a ziggurat
 79555 | Zig:14   | Gained mutation: You sometimes lose the ability to drink
                  | potions when taking damage. [a neqoxec]
 79562 | Zig:14   | Gained mutation: You are clumsy. (Dex -2) [a neqoxec]
 79566 | Zig:14   | Gained mutation: You are very weak. (Str -4) [a neqoxec]
 79573 | Zig:14   | Paralysed by accursed screaming for 2 turns
 79575 | Zig:14   | HP: 8/161 [blizzard demon/the air (17)]
 79575 | Zig:14   | Demolished by a demonspawn corrupter
 79620 | Hell     | Entered the Vestibule of Hell
 79620 | Hell     | Noticed Geryon
 79629 | Arena    | Entered the Arena
 79635 | Arena    | Killed Geryon
 79645 | Hell     | Noticed Murray
 79657 | Depths:3 | HP: 8/161 [balrug/fireball (12)]
 79924 | Depths:3 | Lost mutation: You sometimes lose the ability to drink
                  | potions when taking damage. [potion of mutation]
 79924 | Depths:3 | Lost mutation: You occasionally lose the ability to drink
                  | potions when taking damage. [potion of mutation]
 79924 | Depths:3 | Gained mutation: Your system is resistant to poisons.
                  | (rPois) [potion of mutation]
 79925 | Depths:3 | Lost mutation: You are weak. (Str -2) [potion of mutation]
 79925 | Depths:3 | Lost mutation: Your system is resistant to poisons. (rPois)
                  | [potion of mutation]
 79925 | Depths:3 | Gained mutation: You are dopey. (Int -2) [potion of
                  | mutation]
 79925 | Depths:3 | Gained mutation: You are partially covered in large bone
                  | plates. (SH +4) [potion of mutation]
 79926 | Depths:3 | Lost mutation: You are clumsy. (Dex -2) [potion of
                  | mutation]
 79926 | Depths:3 | Lost mutation: You expend magic power (3 MP) to strengthen
                  | your wands. [potion of mutation]
 79926 | Depths:3 | Lost mutation: You are partially covered in large bone
                  | plates. (SH +4) [potion of mutation]
 79926 | Depths:3 | Gained mutation: You have a pair of small horns on your
                  | head. [potion of mutation]
 79971 | Depths:3 | Killed Murray
 80350 | Hell     | Found a gateway to the freezing wastes of Cocytus.
 80409 | Hell     | Found a gateway to the Iron City of Dis.
 80594 | Hell     | Found a gateway to the ashen valley of Gehenna.
 80630 | Hell     | Found a gateway to the decaying netherworld of Tartarus.
 80644 | Tar:1    | Entered Level 1 of Tartarus
 80743 | Tar:2    | Noticed an ancient lich
 80743 | Tar:2    | Noticed an ancient lich
 80743 | Tar:2    | Noticed an ancient lich
 80743 | Tar:2    | Noticed a dread lich
 80743 | Tar:2    | Noticed an ancient lich
 80747 | Tar:2    | HP: 1/157 [hellion/damnation (38)]
 80749 | Arena    | Entered the Arena
 80753 | Arena    | Killed an ancient lich
 81058 | Tar:2    | Killed a dread lich
 81062 | Tar:2    | Killed an ancient lich
 81104 | Tar:2    | Killed an ancient lich
 81144 | Tar:2    | Killed an ancient lich
 81252 | Tar:3    | Succumbed to a putrid mouth's dark miasma
 81766 | Tar:6    | Noticed an ancient lich
 81772 | Tar:6    | Killed an ancient lich
 81979 | Tar:7    | Entered Level 7 of Tartarus
 82231 | Tar:7    | Reached skill level 27 in Dodging
 82351 | Tar:7    | Identified the +3 leather armour "Coyz" {rC+ Int+3}
 82374 | Tar:7    | Reached skill level 5 in Air Magic
 82573 | Tar:7    | Noticed Ereshkigal
 82588 | Tar:7    | Paralysed by Ereshkigal for 4 turns
 82598 | Tar:7    | Killed Ereshkigal
 82626 | Tar:7    | Got a bone rune of Zot
 82764 | Geh:1    | Entered Level 1 of Gehenna
 82803 | Geh:1    | You fall into a shaft and drop 1 floor!
 83846 | Geh:7    | Entered Level 7 of Gehenna
 84158 | Geh:7    | Noticed an ancient lich
 84167 | Geh:7    | Killed an ancient lich
 84551 | Geh:7    | Noticed the Serpent of Hell
 84565 | Geh:7    | Killed the Serpent of Hell
 84651 | Geh:7    | Found the +6 lightning scales {swift, rElec}
 84930 | Geh:7    | Learned a level 3 spell: Swiftness
 85203 | Geh:7    | Found the +7 sceptre of Asmodeus
 85203 | Geh:7    | Noticed Asmodeus
 85226 | Geh:7    | Killed Asmodeus
 85253 | Geh:7    | Got an obsidian rune of Zot
 85452 | Coc:1    | Entered Level 1 of Cocytus
 85470 | Arena    | Entered the Arena
 85631 | Arena    | Entered the Arena
 85655 | Arena    | Entered the Arena
 86432 | Coc:4    | Reached skill level 10 in Air Magic
 87150 | Dis:1    | Entered Level 1 of the Iron City of Dis
 88330 | Dis:2    | You fall into a shaft and drop 2 floors!
 90368 | Dis:6    | Noticed an ancient lich
 90372 | Dis:6    | Killed an ancient lich
 90389 | Arena    | Entered the Arena
 90929 | Dis:7    | Entered Level 7 of the Iron City of Dis
 91313 | Dis:7    | Learned a level 2 spell: Sublimation of Blood
 91737 | Arena    | Entered the Arena
 91738 | Arena    | HP: 2/186 [iron giant/+0 giant club (62)]
 91775 | Dis:7    | Reached skill level 1 in Necromancy
 92000 | Dis:7    | Noticed a juggernaut
 93607 | Dis:7    | Reached skill level 15 in Evocations
 94109 | Dis:7    | Reached skill level 15 in Invocations
 94730 | Dis:7    | Noticed an ancient lich
 94737 | Dis:7    | Killed an ancient lich
 95372 | Dis:7    | Noticed a juggernaut
 95376 | Dis:7    | Killed a juggernaut
 95609 | Dis:7    | Found the +4 staff of Dispater
 95609 | Dis:7    | Noticed Dispater
 95661 | Dis:7    | Got an iron rune of Zot
 95840 | Arena    | Entered the Arena
 95884 | Coc:4    | You fall into a shaft and drop 2 floors!
 95891 | Coc:7    | Entered Level 7 of Cocytus
 97485 | Coc:7    | Got Sidue's Tractate on the Heated Maleficium
 98519 | Coc:7    | Noticed Antaeus
 98626 | Coc:7    | Got an icy rune of Zot
 99525 | Tomb:1   | Entered Level 1 of the Tomb of the Ancients
100080 | Tomb:1   | Noticed a royal mummy
100089 | Tomb:1   | Killed a royal mummy
100351 | Tomb:1   | Noticed a royal mummy
100392 | Tomb:1   | Killed a royal mummy
100524 | Tomb:1   | Lost mutation: You have a pair of small horns on your head.
                  | [potion of mutation]
100524 | Tomb:1   | Lost mutation: You are frail. (-10% HP) [potion of
                  | mutation]
100524 | Tomb:1   | Lost mutation: You are dopey. (Int -2) [potion of mutation]
100524 | Tomb:1   | Gained mutation: You have a pair of small antennae on your
                  | head. [potion of mutation]
100524 | Tomb:1   | Gained mutation: You are partially covered in iridescent
                  | scales. (AC +2) [potion of mutation]
100688 | Tomb:1   | Noticed a royal mummy
100698 | Tomb:1   | Killed a royal mummy
100699 | Tomb:1   | Reached skill level 15 in Earth Magic
100899 | Tomb:2   | Noticed a royal mummy
100964 | Tomb:2   | Noticed a royal mummy
100970 | Tomb:2   | Killed a royal mummy
100991 | Tomb:2   | Killed a royal mummy
100993 | Tomb:2   | Noticed a royal mummy
100998 | Tomb:2   | Killed a royal mummy
101053 | Tomb:2   | Noticed a royal mummy
101057 | Tomb:2   | Killed a royal mummy
101060 | Tomb:2   | Noticed a royal mummy
101065 | Tomb:2   | Killed a royal mummy
101592 | Tomb:1   | Noticed a royal mummy
101596 | Tomb:1   | Killed a royal mummy
101597 | Tomb:1   | Noticed a royal mummy
101601 | Tomb:1   | Killed a royal mummy
101613 | Tomb:1   | Noticed a royal mummy
101617 | Tomb:1   | Killed a royal mummy
101620 | Tomb:1   | Noticed a royal mummy
101626 | Arena    | Entered the Arena
101638 | Arena    | Killed a royal mummy
101805 | Tomb:1   | Noticed a royal mummy
101825 | Tomb:1   | Killed a royal mummy
102029 | Tomb:1   | Noticed a royal mummy
102046 | Tomb:1   | Killed a royal mummy
102129 | Tomb:1   | Noticed a royal mummy
102134 | Tomb:1   | Noticed a royal mummy
102134 | Tomb:1   | Noticed a royal mummy
102134 | Tomb:1   | Noticed a royal mummy
102134 | Tomb:1   | Noticed a royal mummy
102376 | Tomb:1   | Killed a royal mummy
102382 | Tomb:1   | Killed a royal mummy
102397 | Tomb:1   | Killed a royal mummy
102435 | Tomb:1   | Killed a royal mummy
102437 | Tomb:1   | Killed a royal mummy
102527 | Tomb:1   | Noticed a royal mummy
102530 | Tomb:1   | Noticed a royal mummy
102533 | Tomb:1   | Killed a royal mummy
102538 | Tomb:1   | Killed a royal mummy
102713 | Tomb:1   | Noticed a royal mummy
102718 | Tomb:1   | Killed a royal mummy
103069 | Tomb:2   | Identified the amulet "Irobomnoef" {Acrobat Rampage rElec
                  | rC+ Int-4}
103189 | Tomb:3   | Entered Level 3 of the Tomb of the Ancients
103257 | Tomb:3   | Noticed a royal mummy
103261 | Tomb:3   | Killed a royal mummy
103317 | Tomb:3   | Noticed a royal mummy
103318 | Arena    | Entered the Arena
103325 | Arena    | Killed a royal mummy
103339 | Tomb:3   | Noticed a royal mummy
103486 | Tomb:3   | Noticed a royal mummy
103494 | Tomb:3   | Killed a royal mummy
103496 | Tomb:3   | Killed a royal mummy
103497 | Tomb:3   | Noticed a royal mummy
103547 | Tomb:3   | Noticed a royal mummy
103553 | Tomb:3   | Noticed a royal mummy
103555 | Tomb:3   | Killed a royal mummy
103565 | Tomb:3   | Noticed a royal mummy
103569 | Tomb:3   | Killed a royal mummy
103573 | Tomb:3   | Killed a royal mummy
103592 | Arena    | Entered the Arena
103594 | Arena    | Killed a royal mummy
103811 | Tomb:3   | Got the Atlas of the Hurtful Lithosphere
103837 | Tomb:3   | Identified the +7 halberd of Okawaru, Crafting {flame,
                  | Str+4}
104119 | Tomb:3   | Got a golden rune of Zot
104402 | Crypt:2  | Killed Vv
104801 | Zot:1    | Entered Level 1 of the Realm of Zot
105147 | Zot:1    | Found a transporter.
105153 | Zot:1    | Found a transporter.
105198 | Zot:1    | Found a transporter.
105202 | Zot:1    | Noticed an orb of fire
105220 | Zot:1    | Found a transporter.
105222 | Zot:1    | Found a transporter.
106674 | Arena    | Entered the Arena
108204 | Zot:5    | Entered Level 5 of the Realm of Zot
108678 | Zot:5    | Noticed an ancient lich
108688 | Zot:5    | Killed an ancient lich
108697 | Zot:5    | Noticed an ancient lich
108701 | Zot:5    | Killed an ancient lich
108702 | Zot:5    | Noticed an orb of fire
108706 | Zot:5    | Lost mutation: You are partially covered in iridescent
                  | scales. (AC +2) [an orb of fire]
108707 | Zot:5    | Killed an orb of fire
108727 | Zot:5    | Reached skill level 27 in Translocations
108731 | Zot:5    | Noticed an orb of fire
108732 | Zot:5    | Gained mutation: You are robust. (+10% HP) [an orb of fire]
108733 | Zot:5    | Killed an orb of fire
108761 | Zot:5    | Noticed an orb of fire
108775 | Zot:5    | Killed an orb of fire
108957 | Zot:5    | Noticed an ancient lich
108963 | Zot:5    | Killed an ancient lich
109593 | Zot:5    | Got the Orb of Zot
110287 | D:1      | Noticed Qonges the pandemonium lord
110315 | D:$      | Escaped with the Orb!

Illustrated notes

Levels and vault maps discovered:
D:1:      lemuel_arrival_room, layout_loops_ring, serial_co_window_serial,
          co_window_paths_a, co_window_corner_a, co_window_paths_b,
          co_window_of_opportunity_a, co_window_of_opportunity_a,
          co_window_corner_cb, co_window_2corner, co_window_corner_b,
          co_window_2corner, co_window_cross_3, co_window_2corner,
          co_window_corner_ca, co_window_paths_d, glass_columns_a,
          glass_columns_a, minmay_octomino_e4
D:2:      layout_basic, shapermc_ecumenical_altar_starsandcircs,
          uniq_crazy_yiuf_cottage, uniq_jessica
D:3:      layout_loops_ring, nicolae_ashenzari_panopticon,
          kennysheep_slug_shrine, hellmonk_ghost_happy_afterlife, uniq_sigmund,
          uniq_pargi
D:4:      layout_basic, nicolae_ossuary_entry_catacombs, serial_shops,
          nicolae_shop_crystal, ebering_ghost_sewer_d, uniq_edmund
D:5:      layout_cave_pools, mainiacjoe_overflow_catwalk,
          minmay_temple_entry_ruins, serial_shops, nicolae_shop_waterfront,
          lightli_minifort
D:6:      layout_cave_pools, kennysheep_boxes, uniq_grinder
D:7:      layout_basic, serial_shops, shop, nicolae_specific_store
D:8:      layout_basic, mainiacjoe_overflow_alcove_2, uniq_psyche
D:9:      layout_roguey, mainiacjoe_overflow_concentric_impassable, david_orc_5,
          uniq_erolcha
D:10:     layout_rooms, nicolae_uskayaw_murder_on_the_dancefloor,
          grunt_gozag_statues, lair_entry_dummy, gammafunk_ghost_split,
          uniq_urug, uniq_erica
D:11:     layout_grid_maze
D:12:     minmay_weird_star, layout_long_grid
D:13:     layout_irregular_city, david_vaults_2, serial_shops,
          nicolae_shop_bloodbath_and_beyond
D:14:     layout_roguey, grunt_decor_junction, serial_demonic, serial_demonic_b,
          serial_demonic_b, serial_demonic_a, serial_demonic_b, serial_shops,
          nicolae_inconvenience_store
D:15:     gammafunk_depths_entry_grave, layout_basic,
          ebering_dispersal_statue_hall
Temple:   nicolae_temple_superstar
Lair:1:   layout_cave_pods, infiniplex_staircase_pool, uniq_fannar
Lair:2:   layout_loops_ring, minmay_swamp_entry_eels, lemuel_fruit_fields,
          infiniplex_staircase_pool_2, serial_bayou_shore_b
Lair:3:   layout_hall_layers, guppyfry_snake_entry_island
Lair:4:   layout_cave_pods, ebering_ghost_rock_garden,
          chequers_serial_rivers_small_b, grunt_megastairs_1, uniq_josephine,
          uniq_kirke
Lair:5:   hangedman_lair_in_review, layout_loops_ring, guppyfry_lair_end_dragon,
          nicolae_slime_entry_slimehenge, uniq_snorg
Swamp:1:  layout_falls_marsh, ebering_ghost_rock_garden, hangedman_swamp_lotus,
          swamp_pool1, nicolae_swamp_no_escape
Swamp:2:  layout_basic_swamp, evilmike_swamp_ruin_house_1
Swamp:3:  cheibrodos_swamp_tower_of_moss, layout_basic_swamp,
          portal_ice_cave_entry_dragon, nicolae_swamp_big_swirl, swamp_pool3,
          nicolae_swamp_oklob_treasure_island
Swamp:4:  swamp_vile, layout_basic_swamp
Snake:1:  layout_misc_corridors, minmay_shop_grid_forest, uniq_roxanne
Snake:2:  layout_grid_shapes, basic_altar, uniq_donald
Snake:3:  cheibrodos_snake_ritualist_ritual, layout_misc_corridors,
          hangedman_venom_bottle, uniq_saint_roka
Snake:4:  grunt_snake_rune_spirals, layout_onion
Slime:1:  layout_caves
Slime:2:  layout_caves
Slime:3:  layout_caves, cheibrodos_slime_lost_civilization_6
Slime:4:  layout_caves
Slime:5
Orc:1:    dreamdust_wu_jian_sword_trials, layout_caves, serial_shops, shop,
          minmay_orc_keep
Orc:2:    st_orc_mages, layout_caves
Elf:1:    eino_elf_arrival_shootout, layout_loops_cross, serial_shops,
          nicolae_shop_stone, minmay_elf_demonology
Elf:2:    elven_hall_of_blades_hangedman_alternative [nicolae_blade_lattice],
          layout_geoelf_octagon, serial_shops, nicolae_shop_statue_plus,
          minivault_14
Elf:3:    minmay_elf_hall_not_hex, layout_gridlike, uniq_mara
Vaults:1: ontoclasm_vaults_decontamination, v_pattern_4,
          hangedman_vaults_capsules, hangedman_vaults_unwind,
          hangedman_vaults_snaps, v_misc_8, hangedman_vaults_corner,
          vaults_room_fours, v_misc_13, vaults_mumra_lcd,
          vaults_dpeg_emergency_exit, v_misc_15,
          nicolae_vaults_little_squares_6, grunt_vaults_hallway_long,
          serial_ice_g, layout_vaults_omnicross, serial_shops,
          nicolae_shop_stone, shop
Vaults:2: v_misc_26, grunt_vaults_bifocal, v_alt_pattern_6,
          blue_anna_dwarven_crypt, vaults_mumra_chevron_long,
          nicolae_vaults_mini_display_case, v_misc_27,
          nicolae_vaults_border_crossing, vaults_mumra_hex, vaults_dpeg_hooks,
          layout_vaults_big_room
Vaults:3: lightli_enter_wizlab_magi_temple, v_rooms_6,
          nicolae_vaults_windows_and_doors_thing, ontoclasm_vaults_ring_large,
          nicolae_vaults_three_branches, hangedman_vaults_nails,
          gammafunk_sealed_library, ontoclasm_vaults_spin, vaults_mumra_hexcomb,
          layout_vaults_omnibox, serial_shops, nicolae_lakefront_shop
Vaults:4: v_misc_1, nicolae_vaults_shelves_hall, hangedman_vaults_cutoff,
          hangedman_vaults_maws, vaults_room_fours, vaults_room_guarded_vault,
          nicolae_vaults_theta, nicolae_vaults_diagonal_hallway_7,
          nicolae_vaults_asterisk, nicolae_vaults_alarming,
          layout_vaults_omnigrid
Vaults:5: serial_shops, uniq_jory, uniq_margery
Crypt:1:  layout_regular_city, minivault_14, uniq_aizul
Crypt:2:  minmay_skeleton_keep, layout_rooms, nicolae_crypt_little_mausoleum,
          grunt_megastairs_5, lemuel_elevator, uniq_vv
Crypt:3:  david_glass_crypt, layout_gridlike, tomb_entry_shell_bobbens
Tomb:1
Tomb:2
Tomb:3
Depths:1: layout_cave_pools, abyss_entry, wad_floor_pattern_untrapped,
          serial_shops, nicolae_shop_competitors_out_of_business,
          pf_hell_entry_tar_spiral, minmay_misc_feat_secret_circle,
          kennysheep_generic_room_7
Depths:2: minmay_the_grid_four_pointed_star
          [minmay_the_grid_triangle_9x9_flanged_cone,
          minmay_the_grid_triangle_9x9_swiss_cheese,
          minmay_the_grid_triangle_9x9_thin_v,
          minmay_the_grid_triangle_9x9_semitri,
          minmay_the_grid_prize_inner_circle], layout_cave_pools,
          abyss_entry_glasseish, grunt_metal_band, rand_demon_pan_entry_1,
          uniq_grunn, uniq_nikola
Depths:3: kennysheep_ambush_hall, layout_honeycomb, enter_ziggurat_c,
          abyss_entry, rand_demon_pan_entry_4, pdpol_wu_jian_five_deadly_venoms,
          hell_entry, grunt_ministairs_11
Depths:4: evilmike_zot_entry_gauntlet, layout_cave_pools,
          hangedman_coc_ice_floe, nemelex_lonely_heart_becter,
          minmay_room_of_horrors
Hell
Dis:1:    layout_overlapping_boxes
Dis:2:    layout_regular_city, nicolae_hells_hurtin_island
Dis:4:    layout_subdivisions
Dis:5:    layout_regular_city, nicolae_dis_having_a_grate_time
Dis:6:    layout_subdivisions
Dis:7:    dis_st
Geh:1:    nicolae_geh_tyrants_menagerie, layout_gehenna_pools_box
Geh:2:    layout_gehenna_lava_caves, gehenna_fire_generator
Geh:3:    layout_gehenna_lava_caves
Geh:4:    layout_gehenna_lava_caves
Geh:5:    layout_gehenna_lava_caves
Geh:6:    layout_gehenna_pools_triple
Geh:7:    geh_grunt
Coc:1:    layout_cocytus_water_paths
Coc:2:    layout_cocytus_water_paths
Coc:3:    nicolae_coc_hellspring, layout_cocytus_water_paths
Coc:4:    nicolae_coc_on_the_berg
Coc:6:    layout_cocytus_water_paths
Coc:7:    coc_mu
Tar:1:    layout_grid_maze, nicolae_tar_windowcombs
Tar:2:    layout_honeycomb, nicolae_tar_liches_on_tour
Tar:3:    layout_honeycomb, nicolae_tar_combstack
Tar:4:    layout_grid_maze, nicolae_tar_cuneiform_to_be, nicolae_tar_combbox
Tar:5:    layout_catacombs, nicolae_tar_cuneiform_water,
          nicolae_tar_cuneiform_bird
Tar:6:    layout_catacombs
Tar:7:    tar_old
Zot:1:    gammafunk_the_bubble [the_bubble_gammafunk_roulette], layout_onion
Zot:2:    layout_misc_corridors, uniq_josephina
Zot:3:    nicolae_moth_party, layout_cellular_growth, grunt_megastairs_4
Zot:4:    layout_misc_corridors
Zot:5:    layout_cellular_growth

Skill      XL: |  1  2  3  4  5  6  7  8  9 10 11 12 13 14 15 16 17 18 19 20 21 22 23 24 25 26 27 |
---------------+----------------------------------------------------------------------------------+-----
Stealth        | 1 2 3 4 5 6 8 9 11 12 13 14 16 17 18 19 22 26 | 26.8
Dodging        | 3 4 5 6 7 8 9 10 11 12 13 14 15 16 17 18 19 21 22 27 | 27.0
Transmutations | 3 4 5 6 8 9 10 13 12 14 15 17 25 | 25.6
Fighting       | 2 3 4 5 6 9 12 13 14 15 16 17 19 20 21 22 23 | 23.9
Poison Magic   | 1 2 3 |  3.0
Spellcasting   | 3 4 5 6 10 9 11 12 13 14 15 16 22 | 22.6
Unarmed Combat | 4 5 6 8 13 17 18 19 20 21 22 24 | 24.0
Ice Magic      | 2 4 5 |  5.0
Invocations    | 3 5 9 10 11 12 13 17 | 17.9
Earth Magic    | 3 8 12 11 18 | 18.2
Translocations | 1 4 8 11 12 14 16 18 19 27 | 27.0
Evocations     | 2 4 8 11 18 | 18.4
Air Magic      | 4 13 | 13.0
Hexes          | 4 12 16 19 | 19.5
Necromancy     | 4 |  4.0

Action                     |  1- 3 |  4- 6 |  7- 9 | 10-12 | 13-15 | 16-18 | 19-21 | 22-24 | 25-27 || total
---------------------------+-------+-------+-------+-------+-------+-------+-------+-------+-------++-------
  Melee: Unarmed           |    70 |   236 |   377 |   914 |  1944 |   893 |  1328 |  1519 |  5463 || 12744
         Punch             |     2 |     2 |     3 |     9 |   194 |   138 |   240 |   321 |   828 ||  1737
         Bite              |     5 |    21 |    14 |    31 |   336 |   142 |   265 |   258 |   690 ||  1762
         Headbutt          |     4 |    43 |    10 |       |       |       |       |       |   460 ||   517
         Tailslap          |       |       |       |       |       |       |       |     4 |    44 ||    48
   Cast: Beastly Appendage |    17 |    23 |     6 |       |       |       |       |       |       ||    46
         Spider Form       |       |     1 |    27 |    11 |       |       |       |       |       ||    39
         Ice Form          |       |       |     6 |    52 |    15 |       |       |     2 |       ||    75
         Petrify           |       |       |       |    49 |    18 |     5 |       |       |       ||    72
         Wereblood         |       |       |       |     5 |     5 |     8 |    10 |     5 |    44 ||    77
         Statue Form       |       |       |       |    17 |   158 |    89 |    74 |    84 |   337 ||   759
         Blink             |       |       |       |       |    16 |     4 |     3 |     2 |    12 ||    37
         Lee's Rapid Decon |       |       |       |       |       |     2 |       |       |       ||     2
         Manifold Assault  |       |       |       |       |       |    10 |    49 |   178 |  1309 ||  1546
         Passage of Golubr |       |       |       |       |       |     3 |     5 |     3 |    25 ||    36
         Eringya's Noxious |       |       |       |       |       |     1 |       |     7 |       ||     8
         Dragon Form       |       |       |       |       |       |       |       |    11 |    45 ||    56
         Lightning Bolt    |       |       |       |       |       |       |       |     1 |       ||     1
         Gell's Gravitas   |       |       |       |       |       |       |       |     7 |       ||     7
         Storm Form        |       |       |       |       |       |       |       |     2 |    11 ||    13
         Ozocubu's Armour  |       |       |       |       |       |       |       |     2 |       ||     2
         Passwall          |       |       |       |       |       |       |       |     1 |     2 ||     3
         Disjunction       |       |       |       |       |       |       |       |       |     5 ||     5
         Apportation       |       |       |       |       |       |       |       |       |     5 ||     5
         Sublimation of Bl |       |       |       |       |       |       |       |       |    43 ||    43
         Discord           |       |       |       |       |       |       |       |       |    21 ||    21
         Yara's Violent Un |       |       |       |       |       |       |       |       |     8 ||     8
 Invoke: Heroism           |       |       |       |     8 |    18 |    20 |    15 |    22 |    76 ||   159
         Finesse           |       |       |       |     1 |    18 |    11 |    14 |    11 |    41 ||    96
         Duel              |       |       |       |       |     8 |     5 |     3 |     4 |    16 ||    36
Ability: End Transformatio |       |       |     4 |    10 |     5 |     3 |     2 |     1 |     4 ||    29
         Breathe Fire      |       |       |       |       |       |       |       |     1 |       ||     1
         Blinkbolt         |       |       |       |       |       |       |       |     1 |       ||     1
  Evoke: Wand              |       |       |       |       |     2 |     1 |     1 |     1 |    11 ||    16
         Piece from Xom's  |       |       |       |       |     1 |       |       |       |       ||     1
         Tin of tremorston |       |       |       |       |       |     1 |       |       |       ||     1
         Condenser vane    |       |       |       |       |       |       |     1 |       |     3 ||     4
    Use: Scroll            |       |     1 |     9 |    12 |    18 |     6 |     4 |     6 |    49 ||   105
         Potion            |       |       |       |     2 |     3 |       |     1 |     3 |   107 ||   116
   Stab: Sleeping          |     5 |    13 |    11 |    13 |    37 |    22 |    35 |    51 |    49 ||   236
         Distracted        |       |     2 |     2 |     4 |     6 |     3 |     4 |     5 |    31 ||    57
         Petrified         |       |       |       |    25 |    17 |     2 |       |       |       ||    44
         Paralysed         |       |       |       |       |     1 |       |       |       |     3 ||     4
         Petrifying        |       |       |       |       |     2 |       |       |       |       ||     2
         Invisible         |       |       |       |       |       |       |       |       |     8 ||     8
 Armour: Skin              |       |     8 |    19 |   118 |   878 |   246 |   224 |   234 |   543 ||  2270
  Dodge: Dodged            |    49 |   159 |   326 |   904 |  3061 |   995 |  1275 |  1500 |  5789 || 14058
  Block: Other             |       |       |       |       |   150 |   166 |   240 |   231 |   821 ||  1608
         Reflection        |       |       |       |       |     7 |    26 |     3 |     6 |    15 ||    57

Table legend: (Time is in decaauts)
 A = Elapsed time spent in this place.
 B = Non-inter-level travel time spent in this place.
 C = Inter-level travel time spent in this place.
 D = Time resting spent in this place.
 E = Time spent auto-exploring this place.
 F = Levels seen in this place.
 G = Mean time per level.
                   A        B        C        D        E       F      G
               +--------+--------+--------+--------+--------+-----+--------+
         Total | 115995 | 107404 |   8591 |  25396 |  39639 | 153 |  758.1 |
       Dungeon |  19168 |  16145 |   3023 |   1543 |   8947 |  15 | 1277.9 |
        Temple |    112 |     91 |     21 |      0 |     80 |   1 |  112.0 |
          Lair |   8175 |   7372 |    803 |    818 |   4146 |   5 | 1635.0 |
         Swamp |   6067 |   5810 |    257 |   1410 |   2481 |   4 | 1516.8 |
     Snake Pit |   5676 |   5278 |    398 |    703 |   2232 |   4 | 1419.0 |
    Slime Pits |    730 |    730 |      0 |    215 |      0 |   5 |  146.0 |
  Orcish Mines |   3794 |   3379 |    415 |   1241 |    690 |   2 | 1897.0 |
   Elven Halls |   4932 |   4747 |    185 |   1075 |   1578 |   3 | 1644.0 |
        Vaults |   9920 |   9184 |    736 |   1335 |   4595 |   5 | 1984.0 |
         Crypt |   5051 |   4591 |    460 |    984 |   1853 |   3 | 1683.7 |
          Tomb |   5095 |   4725 |    370 |   1637 |    940 |   3 | 1698.3 |
        Depths |   6750 |   6055 |    695 |   1313 |   3320 |   4 | 1687.5 |
          Hell |   1283 |   1134 |    149 |    479 |    335 |   1 | 1283.0 |
           Dis |   8798 |   8615 |    183 |   4968 |   1101 |   6 | 1466.3 |
       Gehenna |   3078 |   2950 |    128 |   1470 |    262 |   7 |  439.7 |
       Cocytus |   4706 |   4452 |    254 |   2244 |    386 |   6 |  784.3 |
      Tartarus |   2457 |   2377 |     80 |    594 |    296 |   7 |  351.0 |
           Zot |   5592 |   5167 |    425 |    605 |   3363 |   5 | 1118.4 |
         Abyss |   3243 |   3243 |      0 |      3 |     80 |   3 | 1081.0 |
   Pandemonium |   6025 |   6025 |      0 |   1463 |   1705 |  11 |  547.7 |
      Ziggurat |   2017 |   2017 |      0 |    693 |    592 |  14 |  144.1 |
       Ossuary |    348 |    348 |      0 |     87 |     41 |   1 |  348.0 |
      Ice Cave |    751 |    751 |      0 |    287 |    159 |   1 |  751.0 |
        Wizlab |   1432 |   1432 |      0 |    200 |    448 |   1 | 1432.0 |
         Arena |    786 |    786 |      0 |     20 |      0 |  36 |   21.8 |
               +--------+--------+--------+--------+--------+-----+--------+

Top non-repeatable levels by time:
   Dis:7: 4791 daAuts
   Coc:7: 3295 daAuts
 Abyss:3: 3197 daAuts
  Tomb:1: 2951 daAuts
Vaults:5: 2508 daAuts
   Orc:1: 2390 daAuts
  Lair:5: 2366 daAuts
     D:9: 2260 daAuts
Depths:3: 2250 daAuts
 Swamp:1: 2204 daAuts
Vaults:1: 2144 daAuts
   Elf:3: 2143 daAuts
   Elf:2: 1906 daAuts
Vaults:2: 1897 daAuts
    D:15: 1884 daAuts
